 Dungeon Crawl Stone Soup version 0.31-a0-963-ga325b2283a (webtiles) character file.

Game seed: 7599688909103882317

812136 Arzdou the Archmage (level 27, -19/180 HPs)
             Began as a Deep Elf Ice Elementalist on Oct 23, 2023.
             Was an Initiate of Gozag.
             Killed by a royal mummy's death curse (30 damage)
             ... on level 24 of a ziggurat on Oct 25, 2023.
             The game lasted 08:38:57 (112107 turns).

Arzdou the Archmage (Deep Elf Ice Elementalist)   Turns: 112107, Time: 08:38:58

Health: -19/180    AC: 28    Str:  4      XL:     27
Magic:  14/56      EV: 12    Int: 46 (47) God:    Gozag
Gold:   877        SH: 11    Dex: 15      Spells: 5/80 levels left

rFire   + + .        b - +3 Elemental Staff {ele, rElec rF+ rC+ AC+3}
rCold   + + .        O - +3 warlock's mirror {omnireflect}
rNeg    + . .        V - +1 leather armour of the Original Sin {rF+ rC+ Regen+ Int+3}
rPois   +            R - +2 helmet {Int+3}
rElec   +            w - +1 cloak of Yrofal {rElec Will+++ Str-4}
rCorr   .            H - +2 pair of gloves {Str+3}
SInv    +            m - +2 pair of boots {Fly}
Will    +++++        C - amulet of Filekh {RegenMP Fly rPois Regen+}
Stlth   +++          X - ring of Wuopniesm {rN+ Int+6 Stlth+}
HPRegen 2.10/turn    F - ring of the Tortoise {AC+8}
MPRegen 0.75/turn

%: reflection
@: mighty, brilliant, gold aura, flying, very slightly contaminated, slowed,
studying 6 skills, very slow
A: see invisible, evolution 1
}: 5/15 runes: decaying, slimy, silver, abyssal, gossamer
a: Renounce Religion, Potion Petition, Call Merchant, Bribe Branch


You were on level 24 of a ziggurat.
You worshipped Gozag.
Gozag was pleased with you.
You visited 13 branches of the dungeon, and saw 57 of its levels.
You visited the Abyss 1 time.
You visited 1 ziggurat, and saw 24 of its levels.
You also visited: Sewer.

You collected 39619 gold pieces.
You spent 13636 gold pieces at shops.
You paid 25106 gold pieces to Gozag.

Inventory:

Hand Weapons
 b - the +3 Elemental Staff (weapon) {ele, rElec rF+ rC+ AC+3}
   (You bought it in a shop on level 2 of the Orcish Mines)

   AC+3:      It affects your AC (+3).
   rF+:       It protects you from fire.
   rC+:       It protects you from cold.
   rElec:     It insulates you from electricity.
 Q - the +6 Majin-Bo {spellvamp, MP+6 Int+6}
   (You found it on level 22 of a ziggurat)

   Int+6:     It affects your intelligence (+6).
   MP+6:      It affects your magic capacity (+6).
Missiles
 g - 7 throwing nets
 s - 7 silver javelins
 A - 33 curare-tipped darts
Armour
 m - a +2 pair of boots of flying (worn)
 n - the +2 shield of Resistance {rF++ rC++ Will++}
   (You took it off a deep elf high priest on level 3 of the Elven Halls)

   rF++:      It greatly protects you from fire.
   rC++:      It greatly protects you from cold.
   Will++:    It greatly increases your willpower.
 w - the +1 cloak of Yrofal (worn) {rElec Will+++ Str-4}
   (You found it on level 5 of the Vaults)

   Str-4:     It affects your strength (-4).
   rElec:     It insulates you from electricity.
   Will+++:   It greatly increases your willpower.
 H - a +2 pair of gloves of strength (worn)
 M - the +3 troll leather armour of Qousheg {rN+ Regen+ Dex+2}
   (You found it on level 11 of a ziggurat)

   Dex+2:     It affects your dexterity (+2).
   rN+:       It protects you from negative energy.
   Regen+:    It increases your rate of health regeneration.
 N - the -2 hat of the Alchemist {rElec rPois rF+ rC+ rN+ Will+ rMut rCorr}
   (You bought it in a shop on level 2 of the Spider Nest)

   rF+:       It protects you from fire.
   rC+:       It protects you from cold.
   rElec:     It insulates you from electricity.
   rPois:     It protects you from poison rN+: It protects you from negative
   energy.
   Will+:     It increases your willpower.
   rCorr:     It protects you from acid and corrosion.
   rMut:      It protects you from mutation.
 O - the +3 warlock's mirror (worn) {omnireflect}
   (You acquired it on level 11 of the Dungeon)

   Omnireflect: It can block and reflect piercing ranged attacks and magical
   attacks against the wielder's willpower.
 R - a +2 helmet of intelligence (worn)
 V - the +1 leather armour of the Original Sin (worn) {rF+ rC+ Regen+ Int+3}
   (You found it on level 1 of the Depths)

   Int+3:     It affects your intelligence (+3).
   rF+:       It protects you from fire.
   rC+:       It protects you from cold.
   Regen+:    It increases your rate of health regeneration.
Jewellery
 a - the amulet of Generosity {RegenMP Int+5}
   (You found it on level 5 of the Vaults)

   [amulet of magic regeneration]

   RegenMP:   It increases your rate of magic regeneration.
   Int+5:     It affects your intelligence (+5).
 i - the ring of Lugunuix {rElec rC+ rN+ Dex+3}
   (You bought it in a shop on level 2 of the Orcish Mines)

   [ring of positive energy]

   Dex+3:     It affects your dexterity (+3).
   rC+:       It protects you from cold.
   rElec:     It insulates you from electricity.
   rN+:       It protects you from negative energy.
 u - an amulet of regeneration
 C - the amulet of Filekh (around neck) {RegenMP Fly rPois Regen+}
   (You found it on level 17 of a ziggurat)

   [amulet of magic regeneration]

   RegenMP:   It increases your rate of magic regeneration.
   rPois:     It protects you from poison Fly: It grants you flight.
   Regen+:    It increases your rate of health regeneration.
 F - the ring of the Tortoise (right hand) {AC+8}
   (You bought it in a shop on level 2 of the Elven Halls)

   [ring of protection]

   AC+8:      It affects your AC (+8).
 I - the dreamshard necklace {Acrobat *Dream}
   (You found it on level 4 of the Vaults)

   [amulet of the acrobat]

   *Dream:    It absorbs a single lethal wound into itself, holding its wearer
   just short of death and releasing dream-creatures to guard them.
   Acrobat:   It increases your evasion while moving and waiting.
 X - the ring of Wuopniesm (left hand) {rN+ Int+6 Stlth+}
   (You found it on level 20 of a ziggurat)

   [ring of intelligence]

   Int+6:     It affects your intelligence (+6).
   rN+:       It protects you from negative energy.
   Stlth+:    It makes you more stealthy.
 Z - a ring of wizardry
Talismans
 z - the talisman of death of Wupowuc {Fly rElec rC- Dex+7}
   (You found it on level 10 of a ziggurat)

   [talisman of death]

   Dex+7:     It affects your dexterity (+7).
   rC-:       It makes you vulnerable to cold.
   rElec:     It insulates you from electricity.
   Fly:       It grants you flight.
Wands
 p - a wand of quicksilver (76)
 P - a wand of digging (39)
 W - a wand of paralysis (111)
Scrolls
 c - 8 scrolls of revelation
 f - 13 scrolls of blinking
 k - 24 scrolls of teleportation
 l - 7 scrolls of silence
 q - 13 scrolls of fog
 r - 8 scrolls of vulnerability
 B - 6 scrolls of fear
 D - a scroll of summoning
 E - 16 scrolls of immolation
 G - 11 scrolls of poison
 Y - 10 scrolls of enchant armour
Potions
 d - 13 potions of heal wounds
 e - 16 potions of mutation
 h - 3 potions of magic
 j - 15 potions of enlightenment
 o - 6 potions of might
 t - 15 potions of haste
 v - 10 potions of brilliance
 x - 5 potions of cancellation
 y - 6 potions of ambrosia
 J - 25 potions of curing
 S - 4 potions of invisibility
 T - 3 potions of resistance
Miscellaneous
 K - a phantom mirror
 L - a phial of floods
 U - a sack of spiders


   Skills:
 + Level 20.5 Fighting
 - Level 5.0 Staves
 - Level 13.0 Ranged Weapons
 - Level 12.0 Throwing
 - Level 7.0 Armour
 - Level 5.0 Dodging
 - Level 2.5 Stealth
 + Level 14.5 Shields
 O Level 27 Spellcasting
 - Level 20.0 Conjurations
 - Level 5.0 Hexes
 - Level 24.0 Summonings
 - Level 8.0 Necromancy
 - Level 10.0 Translocations
 - Level 21.0 Fire Magic
 - Level 12.0 Ice Magic
 - Level 12.0 Air Magic
 - Level 8.0 Evocations
 - Level 23.0 Shapeshifting


You had 5 spell levels left.
You knew the following spells:

 Your Spells              Type           Power      Damage    Failure   Level
a - Call Canine Familiar  Summ           100%       N/A       0%          3
b - Frozen Ramparts       Ice            100%       1d16      0%          3
c - Ozocubu's Armour      Ice            100%       N/A       0%          3
d - Swiftness             Air            100%       N/A       0%          3
e - Dragon's Call         Summ           81%        N/A       2%          9
f - Blink                 Tloc           100%       N/A       0%          2
g - Passage of Golubria   Tloc           100%       N/A       1%          4
h - Summon Horrible Thin  Summ           81%        N/A       1%          8
i - Malign Gateway        Summ/Tloc      72%        N/A       1%          7
j - Haunt                 Necr/Summ      71%        N/A       1%          7
k - Fireball              Conj/Fire      90%        3d33      0%          5
l - Ignition              Fire           91%        3d23      1%          8
m - Anguish               Hex/Necr       55%        N/A       1%          4
n - Fire Storm            Conj/Fire      90%        8d23      11%         9

Your spell library contained the following spells:

 Spells                   Type           Power      Damage    Failure   Level
 Apportation              Tloc           100%       N/A       0%          1
 Foxfire                  Conj/Fire      100%       2x1d9     0%          1
 Freeze                   Ice            100%       1d10      0%          1
 Kiss of Death            Conj/Necr      100%       2d13      0%          1
 Shock                    Conj/Air       100%       1d9       0%          1
 Summon Small Mammal      Summ           100%       N/A       0%          1
 Lesser Beckoning         Tloc           100%       N/A       0%          2
 Momentum Strike          Conj/Tloc      100%       3d10      0%          2
 Scorch                   Fire           100%       2d9       0%          2
 Static Discharge         Conj/Air       100%       3-8/arc   0%          2
 Dazzling Flash           Conj/Hex       100%       N/A       0%          3
 Hailstorm                Conj/Ice       100%       3d20      0%          3
 Inner Flame              Hex/Fire       100%       N/A       0%          3
 Summon Guardian Golem    Hex/Summ       100%       N/A       0%          3
 Volatile Blastmotes      Fire/Tloc      100%       2d18      0%          3
 Flame Wave               Conj/Fire      100%       2d21      0%          4
 Iskenderun's Mystic Bla  Conj/Tloc      100%       2d19      0%          4
 Sticky Flame             Conj/Fire      100%       2d11      0%          4
 Summon Ice Beast         Ice/Summ       100%       N/A       0%          4
 Summon Lightning Spire   Summ/Air       100%       N/A       0%          4
 Iskenderun's Battlesphe  Conj           100%       2d15      0%          5
 Summon Forest            Summ/Tloc      72%        N/A       0%          5
 Necrotise                Necr           100%       1d9       1%          1
 Sandblast                Erth           100%       2d20      1%          1
 Slow                     Hex            100%       N/A       1%          1
 Sting                    Tmut/Pois      100%       1d8       1%          1
 Cigotuvi's Dreadful Rot  Necr/Pois/Air  100%       N/A       1%          2
 Ensorcelled Hibernation  Hex/Ice        100%       N/A       1%          2
 Jinxbite                 Hex            100%       N/A       1%          2
 Passwall                 Tmut/Erth      80%        N/A       1%          2
 Poisonous Vapours        Pois/Air       100%       N/A       1%          2
 Sublimation of Blood     Necr           100%       N/A       1%          2
 Wereblood                Tmut           75%        N/A       1%          2
 Confusing Touch          Hex            100%       N/A       1%          3
 Gell's Gravitas          Tloc           100%       N/A       1%          3
 Ignite Poison            Fire/Tmut/Pois 100%       N/A       1%          3
 Sigil of Binding         Hex            100%       N/A       1%          3
 Stone Arrow              Conj/Erth      100%       3d13      1%          3
 Teleport Other           Tloc           100%       N/A       1%          3
 Tukima's Dance           Hex            100%       N/A       1%          3
 Vampiric Draining        Necr           100%       2d13      1%          3
 Airstrike                Air            78%        2d(12-28) 1%          4
 Brom's Barrelling Bould  Conj/Erth      100%       2d11      1%          4
 Cause Fear               Hex            52%        N/A       1%          4
 Dimensional Bullseye     Hex/Tloc       57%        N/A       1%          4
 Dispel Undead            Necr           100%       3d31      1%          4
 Fulminant Prism          Conj/Hex       66%        3d27      1%          4
 Leda's Liquefaction      Hex/Erth       56%        N/A       1%          4
 Manifold Assault         Tloc           100%       N/A       1%          4
 Vhi's Electric Charge    Tloc/Air       100%       N/A       1%          4
 Agony                    Necr           100%       N/A       1%          5
 Arcjolt                  Conj/Air       84%        1d94      1%          5
 Freezing Cloud           Conj/Ice/Air   95%        6-21      1%          5
 Irradiate                Conj/Tmut      62%        3d32      1%          5
 Metabolic Englaciation   Hex/Ice        71%        N/A       1%          5
 Silence                  Hex/Air        71%        N/A       1%          5
 Summon Mana Viper        Hex/Summ       100%       N/A       1%          5
 Borgnjor's Vile Clutch   Necr/Erth      61%        N/A       2%          5
 Olgreb's Toxic Radiance  Pois           75%        N/A       4%          4
 Petrify                  Tmut/Erth      96%        N/A       4%          4
 Yara's Violent Unravell  Hex/Tmut       45%        3d18      4%          5
 Alistair's Intoxication  Tmut/Pois      50%        N/A       13%         5
 Lee's Rapid Deconstruct  Erth           48%        3d23*     13%         5
 Starburst                Conj/Fire      90%        6d23      0%          6
 Summon Cactus Giant      Summ           81%        N/A       0%          6
 Bombard                  Conj/Erth      74%        9d12      1%          6
 Conjure Ball Lightning   Conj/Air       84%        3x3d32    1%          6
 Dispersal                Tloc           62%        N/A       1%          6
 Monstrous Menagerie      Summ           81%        N/A       1%          7
 Orb of Destruction       Conj           76%        9d17      1%          7
 Spellforged Servitor     Conj/Summ      79%        N/A       1%          7
 Summon Hydra             Summ           81%        N/A       1%          7
 Ozocubu's Refrigeration  Ice            78%        4d24      2%          7
 Maxwell's Capacitive Co  Air            78%        ∞         22%         8
 Enfeeble                 Hex            52%        N/A       45%         7
 Disjunction              Tloc           62%        N/A       45%         8
 Lehudib's Crystal Spear  Conj/Erth      74%        10d17     45%         8
 Chain Lightning          Conj/Air       84%        3d112     54%         9
 Eringya's Noxious Bog    Tmut/Pois      37%        4d6       56%         6
 Borgnjor's Revivificati  Necr           58%        N/A       75%         8
 Infestation              Necr           58%        N/A       75%         8
 Discord                  Hex            52%        N/A       98%         8
 Polar Vortex             Ice            78%        12d10*    98%         9
 Death's Door             Necr           58%        N/A       100%        9
 Shatter                  Erth           48%        3d37*     100%        9
 Animate Dead             Necr           Unusable   N/A       N/A         4
 Simulacrum               Ice/Necr       Unusable   N/A       N/A         6

Dungeon Overview and Level Annotations

Branches:
Dungeon (15/15)            Temple (1/1) D:5            Lair (5/5) D:11
  Swamp (4/4) Lair:3       Spider (4/4) Lair:3        Slime (5/5) Lair:4
    Orc (2/2) D:9             Elf (3/3) Orc:2        Vaults (5/5) D:13
  Crypt (3/3) Vaults:2       Tomb (0/3) Crypt:3      Depths (4/4) D:15
   Hell (visited)             Dis (0/7) Hell            Geh (0/7) Hell
    Coc (0/7) Hell            Tar (0/7) Hell            Zot (5/5) Depths:4
  Sewer (visited)

Altars:
Ashenzari
Cheibriados
Dithmenos
Elyvilon
Fedhas
Gozag
Hepliaklqana
Kikubaaqudgha
Makhleb
Nemelex Xobeh
Okawaru
Qazlal
Ru
Sif Muna
Trog
Uskayaw
Vehumet
Wu Jian
Xom
Yredelemnul
Zin
The Shining One
Jiyva

Shops:
D:4 =[=[=*   D:5 !   D:8 *   D:9 *   D:13 [   D:15 (   Orc:1 :   Orc:2 [:(*(=(
Elf:2 :=   Elf:3 *   Spider:2 [:[   Vaults:5 *   Zot:5 !   Depths:1 [
Depths:3 (:

Portals:
Hell: Depths:1 Depths:2 Depths:3 Depths:4
Abyss: Depths:2 Depths:3 Depths:4
Pandemonium: Depths:2 Depths:4

Annotations:
D:11 exclusion: downstairs
D:13 2 transporters, Deit's ghost, journeyman MiBe
Lair:4 exclusion: downstairs
Spider:1 exclusion: downstairs
Depths:2 6 transporters


Innate Abilities, Weirdness & Mutations

You have supernaturally acute eyesight. (SInv)
You have hidden genetic potential.


Message History

Your body is wracked with pain!
* * * LOW HITPOINT WARNING * * *
You feel extremely nervous for a moment...
Your body is wracked with pain!
* * * LOW HITPOINT WARNING * * *
Your fire vortex hits something.
Your fire vortex burns something!
Your fire vortex dissipates!
The royal mummy is engulfed in blazing flames.
The royal mummy is distracted by your dazzling golden aura.
A splash of acid appears from out of your range of vision.
The splash of acid hits your fire vortex!!
The acid corrodes your fire vortex!
The guardian mummy is engulfed in blazing flames.
The guardian mummy is distracted by your dazzling golden aura.
The royal mummy is engulfed in blazing flames.
Something bites your fire vortex.
Something completely misses your fire vortex.
Something tramples your fire vortex.
Your fire vortex is shoved backwards!
The guardian mummy is engulfed in blazing flames.
You feel your strength returning.
You feel your intelligence returning.
Your life force feels restored.
A golden dragon zombie comes into view.
Casting: Ignition (mildly dangerous; 1% risk of failure)
Confirm with . or Enter, or press ? or * to list all spells.
Casting: Ignition (mildly dangerous; 1% risk of failure)
Press: ? - help, Dir - look around, f - activate You feel a strong surge of power!
The air bursts into flame!
The fireball engulfs the golden dragon zombie!!!
The golden dragon zombie is heavily damaged.
The fireball engulfs the guardian mummy!!!
You destroy the guardian mummy!
The fireball engulfs the royal mummy!!!
You destroy the royal mummy!
You feel a bit more experienced. x3
The fireball engulfs the golden dragon zombie!!
The golden dragon zombie is severely damaged.
You feel extremely nervous for a moment...
Pain shoots through your body!!
You die...
Your body crumbles into a pile of gold.

..............vP........▓
.☼.$....................▓▓
.........................▓
.$............v..........▓
......○..°...............▓
.v....v..○°v$............▓
$.....$☼§$○○.............▓▓
.M.$..M.$$.v.v..@......∩..▓
......$$v$..v............▓▓
......$..Z°○.............▓
...B..M...v..............▓
.........................▓
.........................▓
M.......................▓▓
$.......................▓
.....P..PP.....


You could see a golden dragon zombie (ally target) and 7 friendly fire vortices.

Vanquished Creatures
  the Royal Jelly (Slime:5)
  6 dread liches
  Mennas (Crypt:1)
  4 ancient liches
  2 juggernauts (Zig:21)
  10 pandemonium lords (Zig:22)
  14 royal mummies (Zig:24)
  Sojobo (Vaults:5)
  6 Killer Klowns (Zig:22)
  3 shard shrikes (Zig:20)
  2 golden dragons
  A Tzitzimitl (Zig:18)
  An iron giant (Zig:21)
  6 tentacled monstrosities
  Rupert (Lair:3)
  Jorgrun (Swamp:3)
  A shard shrike skeleton (Crypt:3)
  7 liches
  2 Orb Guardians (Zot:5)
  5 Ice Fiends
  A walking earthen tome (Depths:3)
  Asterion (Depths:1)
  12 titans
  2 deep elf master archers (Zig:15)
  2 quicksilver dragons
  14 acid blobs
  3 death cobs (Zot:2)
  7 sphinxes
  A tentacled starspawn (Abyss:4)
  2 Executioners
  5 shadow dragons
  4 ancient champions
  3 tengu reavers
  4 storm dragons
  3 draconian monks
  8 azure jellies
  7 narguns (Zig:20)
  10 nagarajas
  7 vault wardens
  8 ghost moths
  A balrug (Zig:8)
  A fire giant (shapeshifter) (Zig:22)
  A demonspawn warmonger (Zig:18)
  11 emperor scorpions
  2 draconian knights
  2 iron dragons (Zig:14)
  3 deep elf sorcerers
  A draconian scorcher (Zot:1)
  9 frost giants
  A spectral caustic shrike (Depths:2)
  An angel (Abyss:1)
  A war gargoyle (Zig:19)
  2 draconian shifters
  3 caustic shrike zombies
  3 broodmothers
  2 orc warlords
  3 demonspawn corrupters (Zig:18)
  2 juggernaut skeletons (Zig:24)
  2 curse skulls
  2 draconian annihilators
  13 very ugly things
  7 ironbound preservers
  4 ghouls
  2 caustic shrike skeletons (Zig:24)
  4 spriggan defenders
  14 stone giants
  14 quicksilver oozes
  2 draconian stormcallers
  A stone giant (shapeshifter) (Zig:22)
  2 ironbound thunderhulks
  A green draconian (Zot:4)
  3 deep elf demonologists
  2 vampire knights
  3 formless jellyfish
  A lorocyproca (Zig:13)
  4 eleionomae
  3 bunyips
  A red draconian (Zot:1)
  5 purple draconians (Zot:4)
  5 yellow draconians
  6 spark wasps
  4 black draconians
  Azrael (D:13)
  3 wendigos (Zig:20)
  A spark wasp (shapeshifter) (Zig:22)
  5 white draconians
  4 deep elf death magi
  A minotaur (shapeshifter) (Zig:22)
  4 merfolk javelineers (Zig:17)
  5 deep elf annihilators
  A dire elephant (shapeshifter) (Zig:22)
  9 mummy priests
  An eidolon (Crypt:3)
  11 ettins
  2 blizzard demons
  6 jiangshi
  A merfolk impaler (Depths:2)
  14 yaktaur captains
  10 entropy weavers
  6 great orbs of eyes
  2 shambling mangroves
  A fire dragon (D:9)
  3 deep elf high priests
  2 rakshasas
  Erolcha (Orc:2)
  3 salamander tyrants
  30 vault guards
  A merfolk avatar (Zig:5)
  A peacekeeper (Vaults:2)
  3 hell beasts (Zig:18)
  7 ice dragons
  2 radroaches
  22 hydras
  2 ghost crabs
  A catoblepas (Lair:2)
  4 ogre magi
  An anaconda (Swamp:2)
  4 ironbound frosthearts
  5 boulder beetles
  A two-headed ogre (shapeshifter) (Vaults:1)
  9 alligators
  An alligator snapping turtle (Zig:17)
  A satyr (Zig:5)
  A merfolk aquamancer (Zig:17)
  2 naga warriors
  3 death scarabs (Zig:24)
  A death yak (shapeshifter) (Zig:22)
  2 deep troll earth magi
  7 centaur warriors
  A death knight (Crypt:1)
  4 deep troll shamans (Depths:2)
  2 demonic crawlers (Spider:1)
  13 two-headed ogres
  4 tengu warriors
  3 vampire magi
  9 dancing weapons
  5 thrashing horrors (Zig:13)
  A hell hog (Zig:8)
  8 death yaks
  3 orc high priests
  A shock serpent (shapeshifter) (Zig:22)
  4 shock serpents
  2 naga sharpshooters
  A spriggan berserker (Depths:2)
  2 shadow wraiths
  13 deep elf knights
  3 soul eaters
  2 wretched stars
  2 sixfirhies
  3 skysharks
  An iron troll (shapeshifter) (Zig:22)
  16 skeletal warriors
  3 pharaoh ants
  4 goliath frogs
  4 flayed ghosts
  3 iron trolls
  2 shadow demons (Zig:18)
  3 spriggan druids
  A goliath frog (shapeshifter) (Zig:22)
  A salamander mystic (Zig:23)
  5 deep trolls
  2 sun moths
  2 spriggan simulacra
  9 arcanists
  A glowing orange brain (Slime:1)
  16 swamp dragons
  4 orb spiders
  4 death drakes (Zig:14)
  5 bog bodies
  10 deep elf archers
  9 ironbound convokers
  A bunyip skeleton (Crypt:3)
  5 steelbarb worms
  4 lindwurms
  17 deep elf zephyrmancers
  4 necromancers
  6 harpies
  3 naga ritualists
  2 mana vipers
  7 orc sorcerers
  8 phantasmal warriors
  21 deep elf pyromancers
  A salamander (Zig:7)
  5 shining eyes
  5 orc knights
  44 oklob plants
  10 cyclopes
  A shadow dragon skeleton (Depths:3)
  A worldbinder (Abyss:1)
  21 ugly things
  21 wolf spiders
  5 will-o-the-wisps
  A manticore (Zig:5)
  A shining eye (shapeshifter) (Zig:22)
  The ghost of Azuregosa the Covert, a novice OpDe (D:5)
  A glowing shapeshifter (Depths:3)
  16 moths of wrath
  A cyclops (shapeshifter) (Zig:16)
  17 black mambas
  A dire elephant zombie (Hell)
  6 vault sentinels
  7 naga magi
  2 naga zombies
  A merfolk siren (Zig:5)
  2 water nymphs (shapeshifter)
  4 guardian serpents (Zig:17)
  A titan simulacrum (Zig:20)
  A torpor snail (shapeshifter) (Vaults:5)
  10 cane toads
  6 torpor snails
  5 apocalypse crabs (Zig:22)
  A water nymph (Zig:17)
  2 orange demons
  4 smoke demons
  6 eyes of devastation
  2 ice statues (Zig:1)
  A hellion (Zig:13)
  An orb spider zombie (Crypt:3)
  2 unseen horrors
  9 rime drakes
  A pale draconian zombie (Crypt:3)
  A bunyip simulacrum (Crypt:3)
  An efreet (D:14)
  3 tormentors
  4 ice devils
  The ghost of Syrassil the Trooper, an amateur OgSh (D:4)
  5 kobold demonologists
  7 yaktaurs
  6 freezing wraiths
  10 komodo dragons
  A yaktaur (shapeshifter) (Zig:11)
  An ancient zyme (Abyss:1)
  2 tengu conjurers
  A golden dragon simulacrum (Zig:20)
  12 guardian mummies
  11 trolls
  4 merfolk
  2 nameless horrors (Elf:2)
  3 meliai
  7 polar bears
  5 tyrant leeches
  7 raiju
  A blink frog (shapeshifter) (Abyss:1)
  21 tarantellas
  28 hornets
  A shadow dragon simulacrum (Vaults:5)
  An iron dragon simulacrum (Depths:3)
  A tarantella (shapeshifter) (D:14)
  A wind drake (Zig:5)
  2 glass eyes (Slime:1)
  A glass eye (shapeshifter) (Zig:9)
  Grinder (D:4)
  A moth of wrath zombie (Crypt:1)
  A human simulacrum (Vaults:5)
  21 blink frogs
  A dream sheep (shapeshifter) (Zig:19)
  A slime creature (shapeshifter) (Vaults:1)
  A dream sheep (Lair:5)
  29 jumping spiders
  74 slime creatures
  A culicivora (shapeshifter) (Zig:22)
  4 air elementals
  18 flying skulls
  29 spriggans
  A jumping spider (shapeshifter) (Vaults:5)
  A centaur simulacrum (Hell)
  4 wraiths
  17 culicivoras
  8 large abominations
  7 ushabtiu (Zig:24)
  7 water elementals
  9 wyverns
  18 humans (D:13)
  A basilisk (Lair:3)
  37 yaks
  3 ynoxinuls
  5 golden eyes (Slime:1)
  3 vampires
  81 redbacks
  7 vampire mosquitoes
  7 steam dragons
  7 fire elementals
  5 chaos spawn
  5 wargs
  7 acid dragons
  A naga (Zig:23)
  9 swamp worms
  16 water moccasins
  2 hell hounds (D:13)
  An ice beast (D:7)
  33 orc warriors
  12 swamp drakes
  A hornet zombie (D:15)
  A lindwurm zombie (Crypt:2)
  5 black bears
  A blink frog zombie (Crypt:3)
  18 ogres
  11 boggarts
  13 small abominations
  A hog zombie (Crypt:2)
  A dream sheep skeleton (Crypt:2)
  14 wolves (Lair:5)
  16 centaurs
  A salamander zombie (Crypt:2)
  13 starcursed masses
  3 phantoms
  Blork the orc (D:5)
  17 kobold brigands
  13 bullfrogs
  3 gnoll sergeants
  4 necrophages
  A wyvern zombie (Crypt:3)
  13 wights
  A cyclops skeleton (Crypt:2)
  A water moccasin skeleton (D:5)
  7 killer bees
  2 howler monkeys (D:13)
  4 electric eels
  A crimson imp (D:5)
  A centaur zombie (D:6)
  3 jellies
  2 bullfrog skeletons (D:6)
  4 centaur skeletons
  15 orc priests
  4 hounds
  5 iguanas
  2 sleepcaps (D:5)
  21 orc wizards
  A deep dwarf skeleton (Crypt:2)
  A hound skeleton (Crypt:1)
  18 mummies
  A howler monkey skeleton (D:6)
  8 adders
  An adder (shapeshifter) (D:9)
  17 gnolls
  A shadow imp (D:6)
  2 white imps
  3 ufetubi
  4 worms
  2 dart slugs
  50 orcs
  5 ball pythons
  A bat zombie (Crypt:3)
  14 endoplasms
  2 giant cockroaches
  3 goblins
  8 hobgoblins
  2 quokkas (D:1)
  A ball python skeleton (Crypt:1)
  5 bats
  5 frilled lizards
  33 kobolds
  8 rats
  A rat zombie (Crypt:3)
  A lurking horror (Abyss:1)
2106 creatures vanquished.

Vanquished Creatures (collateral kills)
  2 pandemonium lords
  6 dread liches
  Mara (Depths:1)
  4 orbs of fire
  12 ancient liches
  2 juggernauts (Zig:21)
  Boris (Depths:4)
  Josephina (Zot:1)
  Margery (Vaults:3)
  the Lernaean hydra (Swamp:4)
  4 Killer Klowns (Zot:5)
  Frederick (Crypt:1)
  Xtahua (Vaults:3)
  Geryon (Hell)
  A caustic shrike (Depths:2)
  3 curse toes
  19 golden dragons
  Nikola (Elf:3)
  Arachne (Spider:2)
  Norris (Depths:1)
  A bone dragon (Abyss:1)
  2 doom hounds (Crypt:3)
  A Brimstone Fiend (Zig:18)
  5 electric golems
  2 iron giants (Zig:21)
  3 Hell Sentinels (Zig:18)
  3 hellephants
  4 liches
  Zenata (Vaults:4)
  An Ice Fiend (Zig:20)
  Grunn (Crypt:3)
  12 tentacled monstrosities
  4 quicksilver dragons
  3 titans
  3 deep elf master archers
  3 deep elf blademasters
  A searing wretch (Zig:8)
  23 Orb Guardians (Zot:5)
  5 sphinxes
  6 ancient champions
  The ghost of Buem the Warrior, an adept OgHs of Yredelemnul (Swamp:1)
  An Executioner (Zig:18)
  13 death cobs
  12 acid blobs
  3 tentacled starspawn
  3 eldritch tentacles
  Agnes (D:14)
  6 tengu reavers
  14 storm dragons
  The ghost of Ge0ff the Skirmisher, an adept OpHs of Ashenzari (Spider:3)
  Aizul (Vaults:4)
  Donald (Spider:2)
  9 shadow dragons
  An azure jelly (shapeshifter) (Vaults:3)
  3 demonspawn warmongers (Zig:18)
  9 nagarajas (Zig:23)
  6 azure jellies
  2 narguns (Zig:20)
  3 revenants
  14 rockslimes
  3 deep elf sorcerers
  4 draconian monks
  4 draconian scorchers
  6 ghost moths
  Roxanne (Elf:3)
  4 draconian knights
  8 vault wardens
  9 fire giants
  The ghost of Foxy the Peltast, an adept GrFi of the Shining One (Swamp:1)
  3 balrugs
  3 emperor scorpions (Spider:4)
  4 iron dragons
  3 frost giants
  5 draconian shifters
  4 draconian stormcallers
  An angel (Abyss:1)
  2 spectral caustic shrikes (Depths:2)
  6 ironbound preservers
  2 demonspawn blood saints (Zig:18)
  2 cacodemons
  A caustic shrike skeleton (Crypt:2)
  3 war gargoyles
  3 deep elf elementalists (Elf:3)
  An orc warlord (Vaults:1)
  2 formless jellyfish
  4 draconian annihilators
  A quicksilver ooze (shapeshifter) (Depths:3)
  5 ghouls
  2 reapers (Hell)
  11 very ugly things
  6 ironbound thunderhulks
  3 quicksilver oozes
  8 deep elf demonologists
  An ophan (Zig:2)
  8 stone giants
  6 green draconians
  4 vampire knights
  2 bennus (Zig:3)
  3 wendigos (Zig:20)
  A lorocyproca (Zig:18)
  11 white draconians
  2 bunyips (Swamp:4)
  6 deep elf annihilators
  11 black draconians
  17 red draconians
  3 dire elephants (Vaults:1)
  8 purple draconians
  7 yellow draconians
  2 spark wasps (Depths:3)
  A starcursed mass (Abyss:4)
  An ettin (Depths:4)
  A blizzard demon (Zig:20)
  An iron golem (Depths:1)
  6 deep elf death magi
  An eidolon (Vaults:4)
  The ghost of Sufoyru the Thaumaturge, a journeyman DjCj of Ashenzari (D:12)
  A crystal guardian (Vaults:2)
  An entropy weaver (Vaults:1)
  7 jiangshi
  A deep elf high priest (Elf:3)
  6 vault guards
  2 rakshasas
  8 yaktaur captains
  An ice dragon (Depths:4)
  5 fire dragons
  5 great orbs of eyes
  3 hell beasts
  A quicksilver dragon skeleton (Crypt:3)
  4 centaur warriors (Vaults:2)
  15 salamander tyrants
  2 hydras (Swamp:4)
  A fenstrider witch skeleton (Crypt:2)
  3 ogre magi (Vaults:5)
  3 spriggan air magi
  5 ironbound frosthearts
  An anaconda (Zig:23)
  2 two-headed ogres (Vaults:5)
  A peacekeeper (Vaults:1)
  31 dancing weapons
  An alligator (Swamp:3)
  4 death knights
  2 deep troll shamans (Depths:4)
  An orc high priest (Zig:10)
  3 tengu warriors (Depths:2)
  4 hell hogs
  3 deep troll earth magi (Depths:4)
  3 vampire magi
  A boulder beetle (D:14)
  3 spriggan berserkers
  3 naga sharpshooters (Zig:23)
  4 shock serpents (Zig:23)
  2 demonic crawlers
  7 hell knights
  2 soul eaters
  8 sun demons
  A skyshark (Depths:1)
  9 deep elf knights
  3 iron trolls
  15 skeletal warriors
  A wretched star (Abyss:4)
  2 salamander mystics
  A shadow wraith (Crypt:1)
  14 deep trolls
  2 deep trolls (shapeshifter)
  An iron giant zombie (Crypt:1)
  A cherub (Zig:2)
  3 flayed ghosts
  An orb spider (Spider:4)
  4 glowing orange brains
  2 arcanists (Vaults:4)
  A spriggan druid (Swamp:3)
  9 ironbound convokers
  3 bog bodies
  An orange crystal statue (Zig:1)
  5 deep elf archers
  3 swamp dragons (Swamp:4)
  A harpy (Vaults:3)
  5 orc knights
  A naga ritualist (Zig:23)
  4 phantasmal warriors
  15 deep elf zephyrmancers
  A broodmother zombie (Crypt:1)
  A steelbarb worm (Spider:4)
  4 necromancers
  An eleionoma zombie (Crypt:2)
  4 wolf spiders
  3 mana vipers (Zig:23)
  A stone giant zombie (Crypt:3)
  11 deep elf pyromancers
  A frost giant zombie (Vaults:5)
  27 ugly things
  A shining eye (Slime:2)
  7 salamanders (Depths:1)
  12 moths of wrath
  A worldbinder (Abyss:4)
  2 iron dragon skeletons
  10 vault sentinels
  2 guardian serpents (Zig:23)
  2 apocalypse crabs (Abyss:1)
  An ice statue (Zig:1)
  3 black mambas (Zig:23)
  3 eyes of devastation
  2 naga magi (Zig:23)
  2 molten gargoyles (Hell)
  A cane toad (Lair:3)
  13 smoke demons
  7 rust devils
  An alligator snapping turtle zombie (Abyss:4)
  10 yaktaurs
  2 centaur skeletons
  2 nameless horrors
  2 hellions
  An unseen horror (shapeshifter) (Abyss:1)
  An efreet (Zig:18)
  3 freezing wraiths
  2 ancient zymes (Abyss:1)
  A ghost moth simulacrum (Zot:1)
  2 golden dragon simulacra
  2 tormentors
  A guardian mummy (Zig:24)
  A tengu conjurer (D:15)
  An ice devil (Hell)
  A troll (shapeshifter) (D:14)
  A white draconian skeleton (Crypt:3)
  5 hornets
  A shadow dragon simulacrum (Zot:1)
  A hellwing (Abyss:1)
  A tarantella (Spider:4)
  4 raiju (Abyss:1)
  2 tyrant leeches
  A hornet (shapeshifter) (Vaults:2)
  3 glass eyes
  3 blink frogs (Abyss:1)
  2 jumping spiders (Spider:4)
  An ice dragon skeleton (Crypt:3)
  A spriggan (shapeshifter) (Vaults:5)
  A naga simulacrum (Hell)
  46 slime creatures
  2 culicivoras (Spider:2)
  4 spriggans
  7 water elementals
  4 ynoxinuls (Abyss:1)
  2 large abominations
  4 fire bats (Abyss:1)
  5 air elementals
  3 wraiths
  A golden eye (Slime:1)
  A neqoxec (Abyss:1)
  2 basilisks
  3 vampire mosquitoes (Swamp:1)
  9 redbacks
  A chaos spawn (Abyss:1)
  A skyshark zombie (Crypt:3)
  A swamp worm (shapeshifter) (Vaults:5)
  A naga (Zig:23)
  6 small abominations (Abyss:1)
  A swamp worm (Swamp:4)
  4 hell hounds (Abyss:1)
  A moth of wrath simulacrum (Zot:1)
  A two-headed ogre skeleton (Crypt:1)
  An orc warrior (Vaults:3)
  2 swamp drakes
  An ogre (Vaults:5)
  3 boggarts (Vaults:3)
  A hog skeleton (Crypt:2)
  A necrophage (Crypt:2)
  A bullfrog (Lair:3)
  9 earth elementals
  A water moccasin zombie (D:5)
  A quasit (Abyss:1)
  A boggart skeleton (Crypt:3)
  4 mummies
  2 ufetubi (Abyss:1)
  A lava snake zombie (Crypt:1)
  An iguana skeleton (Crypt:3)
  2 orcs (Vaults:3)
  A spectral weapon (Depths:1)
1075 creatures vanquished.

Vanquished Creatures (others)
  A quicksilver dragon (shapeshifter) (Zig:22)
  177 eldritch tentacles
  A deep elf sorcerer (Elf:3)
  A draconian scorcher (Zot:5)
  A draconian stormcaller (Zot:5)
  A demonspawn blood saint (Zig:18)
  A deep elf demonologist (Elf:3)
  A red draconian (Zot:1)
  A dire elephant (shapeshifter) (Zig:22)
  A juggernaut simulacrum (Zig:20)
  An occultist (D:15)
  A demonic crawler (Zig:18)
  3 deep elf knights
  A deep elf zephyrmancer (Elf:2)
  A harpy (Vaults:3)
  An ironbound convoker (Vaults:2)
  A deep elf pyromancer (Elf:2)
  A moth of wrath (shapeshifter) (Zig:22)
  A storm dragon simulacrum (Zot:1)
  3 bloated husks
  An orc wizard (D:8)
  An orc (D:8)
  143 fire vortices
  12 foxfires (Swamp:3)
  2 starspawn tentacles (Abyss:1)
359 creatures vanquished.

Grand Total: 3540 creatures vanquished

Notes
Turn   | Place    | Note
-------+----------+-------------------------------------------
     0 | D:1      | Arzdou the Deep Elf Ice Elementalist began the quest for
                  | the Orb.
     0 | D:1      | Reached XP level 1. HP: 10/10 MP: 6/6
   227 | D:1      | Reached XP level 2. HP: 15/15 MP: 6/8
   830 | D:2      | Reached XP level 3. HP: 15/19 MP: 5/10
   834 | D:2      | Learned a level 3 spell: Frozen Ramparts
   838 | D:2      | Learned a level 3 spell: Ozocubu's Armour
   883 | D:2      | Reached skill level 4 in Spellcasting
   970 | D:2      | Reached skill level 5 in Ice Magic
  1093 | D:2      | Reached XP level 4. HP: 24/24 MP: 9/12
  1718 | D:2      | Found a faded altar of an unknown god.
  1828 | D:3      | Found a glowing drain.
  1831 | D:3      | Reached skill level 5 in Spellcasting
  1854 | Sewer    | Entered a sewer
  2008 | Sewer    | Noticed a kobold brigand
  2015 | Sewer    | Killed a kobold brigand
  2016 | Sewer    | Reached XP level 5. HP: 21/28 MP: 5/15
  2224 | Sewer    | Reached skill level 6 in Spellcasting
  2228 | Sewer    | Reached XP level 6. HP: 31/32 MP: 6/17
  2416 | D:3      | Found a bloodstained altar of Trog.
  3324 | D:3      | Found a white marble altar of Elyvilon.
  3350 | D:3      | Became a worshipper of Elyvilon the Healer
  3403 | D:4      | Found Ikhlob's Jewellery Shoppe.
  3424 | D:4      | Found Diocs's Jewellery Emporium.
  3436 | D:4      | Found Tarim's Tempting Trifles.
  3497 | D:4      | Found Jedajih's Armour Shop.
  3498 | D:4      | Noticed Grinder
  3503 | D:4      | Paralysed by Grinder for 2 turns
  3514 | D:4      | Paralysed by Grinder for 3 turns
  3519 | D:4      | Paralysed by Grinder for 2 turns
  3523 | D:5      | Entered Level 5 of the Dungeon
  3523 | D:5      | Found a runed translucent gate.
  3523 | D:5      | Found a runed translucent gate.
  3523 | D:5      | Found a runed translucent gate.
  3604 | D:5      | Identified the +10 sling of Midsummer {freeze, rElec}
  3619 | D:5      | Noticed Azuregosa's ghost (novice OpDe)
  3650 | D:5      | Noticed Blork the orc
  3656 | D:5      | Killed Blork the orc
  3657 | D:5      | Reached skill level 7 in Spellcasting
  3657 | D:5      | Reached skill level 1 in Air Magic
  3672 | D:5      | Found an ancient bone altar of Kikubaaqudgha.
  3680 | D:5      | Noticed a wyvern
  3685 | D:5      | Killed a wyvern
  3686 | D:5      | Reached XP level 7. HP: 24/36 MP: 12/19
  3824 | D:5      | Found a staircase to the Ecumenical Temple.
  3908 | D:4      | Killed Grinder
  3913 | D:4      | Learned a level 3 spell: Swiftness
  4005 | D:4      | Reached * piety under Elyvilon
  4099 | D:4      | Identified the +5 hand axe of Arryso Pyeng {vamp, rElec rF+
                  | Str+2}
  4215 | D:4      | Found Musou's Jewellery Shop.
  4216 | D:4      | Found a transporter.
  4217 | D:4      | Found a transporter.
  4244 | D:4      | Found Ucwuiles's Antique Armour Shoppe.
  4263 | D:4      | Noticed Syrassil's ghost (amateur OgSh)
  4843 | D:5      | Reached ** piety under Elyvilon
  4894 | D:5      | Found Weofrire's Distillery.
  4901 | D:5      | Reached skill level 5 in Ranged Weapons
  4939 | D:5      | Reached XP level 8. HP: 41/41 MP: 20/20
  4952 | D:5      | Reached skill level 5 in Air Magic
  5229 | Temple   | Entered the Ecumenical Temple
  5295 | Temple   | Fell from the grace of Elyvilon
  5295 | Temple   | Became a worshipper of Gozag Ym Sagoz the Greedy
  5988 | D:6      | Reached skill level 1 in Fighting
  6534 | D:6      | Found an ornate altar of the Wu Jian Council.
  6794 | D:7      | Identified the of Jarirph
  6801 | D:7      | Reached XP level 9. HP: 48/48 MP: 17/21
  7271 | D:4      | Bought a +4 ring of protection for 468 gold pieces
  7428 | D:7      | Reached skill level 5 in Dodging
  8304 | D:8      | Found Qeoc's General Store.
  8403 | D:8      | Reached skill level 5 in Fighting
  8736 | D:8      | Learned a level 4 spell: Airstrike
  8819 | D:8      | Identified the +5 chain mail of Moral Flaws {rPois rCorr
                  | Int+2 Dex+3}
  8865 | D:8      | Noticed a two-headed ogre
  8993 | D:8      | Reached XP level 10. HP: 54/59 MP: 22/22
  9002 | D:8      | Killed a two-headed ogre
  9003 | D:8      | Reached skill level 10 in Ranged Weapons
  9043 | D:8      | Noticed a two-headed ogre
  9135 | D:8      | Killed a two-headed ogre
  9721 | D:9      | Reached skill level 1 in Evocations
  9921 | D:9      | Found a staircase to the Orcish Mines.
 10072 | D:4      | Bought the ring "Pynynowk" {Will++ EV+5 Str-3 Int+3 Slay+4}
                  | for 738 gold pieces
 10140 | D:9      | Found a shimmering blue altar of Sif Muna.
 10214 | D:9      | Noticed a cyclops
 10221 | D:9      | Killed a cyclops
 10227 | D:9      | Reached skill level 5 in Evocations
 10417 | D:9      | Found Qoid's Assorted Antiques.
 10482 | D:9      | Noticed a fire dragon
 10725 | D:9      | Reached XP level 11. HP: 63/63 MP: 20/23
 10867 | D:9      | Identified the ring "Abbynyng" {+Blink rCorr EV+5}
 10872 | D:9      | Identified the +3 orcbow of Vuit {drain, rF+ Int+5}
 11138 | D:9      | Learned a level 2 spell: Blink
 11218 | D:10     | Identified the "Peaduo"
 11218 | D:10     | Entered Level 10 of the Dungeon
 11229 | D:9      | Reached skill level 1 in Translocations
 11529 | D:10     | Found a stormy altar of Qazlal.
 11812 | D:10     | Found a glowing silver altar of Zin.
 12086 | D:10     | Reached skill level 1 in Conjurations
 12288 | D:11     | Found Qiguhish's Antique Armour Shoppe.
 12386 | D:11     | Noticed a two-headed ogre
 12419 | D:11     | Killed a two-headed ogre
 12420 | D:11     | Reached skill level 5 in Conjurations
 12445 | D:11     | Noticed a boulder beetle
 12785 | D:11     | Found a staircase to the Lair.
 13273 | D:11     | Noticed a two-headed ogre
 13278 | D:11     | Killed a two-headed ogre
 13351 | D:11     | Identified a scroll of acquirement
 13351 | D:11     | Acquired the +3 warlock's mirror {omnireflect}
 13351 | D:11     | Found the +3 warlock's mirror {omnireflect}
 13632 | D:9      | Found a staircase to the Orcish Mines.
 13706 | D:9      | Found Qoid's Assorted Antiques.
 13953 | D:9      | HP: 2/63 [fire dragon/blast of flame (39)]
 14248 | D:8      | Bought a +0 troll leather armour for 225 gold pieces
 14269 | D:8      | Learned a level 5 spell: Freezing Cloud
 14355 | D:4      | Bought an amulet of regeneration for 300 gold pieces
 14446 | D:9      | Found a shimmering blue altar of Sif Muna.
 14783 | D:11     | Killed a boulder beetle
 14784 | D:11     | Reached skill level 1 in Shields
 14874 | D:11     | Found a staircase to the Lair.
 15316 | Lair:1   | Entered Level 1 of the Lair of Beasts
 15540 | Lair:1   | Reached XP level 12. HP: 68/68 MP: 24/24
 16515 | Lair:2   | Noticed a five-headed hydra
 16515 | Lair:2   | Noticed a catoblepas
 16519 | Lair:2   | Killed a five-headed hydra
 16539 | Lair:2   | Killed a catoblepas
 16678 | Lair:2   | Reached skill level 5 in Shields
 16772 | Lair:2   | Noticed a five-headed hydra
 16778 | Lair:2   | Killed a five-headed hydra
 16846 | Lair:2   | Noticed a five-headed hydra
 16848 | Lair:2   | Noticed a boulder beetle
 16854 | Lair:2   | Killed a five-headed hydra
 16863 | Lair:2   | Killed a boulder beetle
 16916 | Lair:2   | Reached skill level 8 in Spellcasting
 17451 | Lair:3   | Noticed a death yak
 17451 | Lair:3   | Noticed a death yak
 17477 | Lair:3   | Killed a death yak
 17478 | Lair:3   | Reached skill level 1 in Armour
 17487 | Lair:3   | Noticed a death yak
 17493 | Lair:3   | Noticed a death yak
 17517 | Lair:3   | Killed a death yak
 17522 | Lair:3   | Killed a death yak
 17523 | Lair:3   | Reached skill level 9 in Spellcasting
 17523 | Lair:3   | Reached XP level 13. HP: 56/72 MP: 21/28
 17660 | Lair:3   | Noticed Rupert
 17720 | Lair:3   | Killed Rupert
 18019 | Lair:3   | Found a staircase to the Swamp.
 18150 | Lair:3   | Found a hole to the Spider Nest.
 18679 | D:4      | Bought a ring of wizardry for 420 gold pieces
 18990 | Lair:4   | Identified the "Usaluhas" (You acquired it on level 4 of
                  | the Lair of Beasts)
 18990 | Lair:4   | Acquired the ring "Nahoxzas" {Fly rElec rF+++ MP+9 Str-3}
 19041 | Lair:4   | Reached skill level 10 in Spellcasting
 19116 | Lair:4   | Reached skill level 10 in Air Magic
 19732 | Lair:4   | Found a viscous altar of Jiyva.
 19740 | Lair:4   | Found a staircase to the Slime Pits.
 19938 | Lair:5   | Entered Level 5 of the Lair of Beasts
 20525 | Lair:5   | Reached skill level 10 in Ice Magic
 20650 | Lair:5   | Reached skill level 11 in Spellcasting
 20826 | Lair:4   | Reached XP level 14. HP: 36/78 MP: 18/31
 21482 | Lair:5   | Reached skill level 12 in Spellcasting
 21509 | Lair:5   | Identified the +4 glaive "Fanimeast" {flame, SInv}
 22735 | Orc:1    | Entered Level 1 of the Orcish Mines
 22912 | Orc:1    | Found Ufuzahiu's Book Shoppe.
 23104 | Orc:2    | Entered Level 2 of the Orcish Mines
 23111 | Orc:2    | Reached skill level 1 in Summonings
 23219 | Orc:2    | Noticed an orc warlord
 23436 | Orc:2    | Reached skill level 5 in Summonings
 23558 | Orc:2    | Found a staircase to the Elven Halls.
 23686 | Orc:2    | Learned a level 3 spell: Call Canine Familiar
 23734 | Orc:2    | Killed an orc warlord
 23791 | Orc:2    | Found Minysot's Book Boutique.
 23796 | Orc:2    | Found Fousar's General Store.
 23805 | Orc:2    | Bought a potion of haste for 130 gold pieces
 23805 | Orc:2    | Bought a potion of magic for 104 gold pieces
 23831 | Orc:2    | Found Keaffasm's Antique Weapon Boutique.
 23959 | Orc:2    | Noticed Erolcha
 23970 | Orc:2    | Killed Erolcha
 24165 | Orc:2    | Bought a crystal orcbow for 331 gold pieces
 24165 | Orc:2    | Identified the +1 orcbow "Mior" {flame, Str-5 Int+8 SInv}
                  | (You bought it in a shop on level 2 of the Orcish Mines)
 24310 | Orc:2    | Found Gellu's Firing Range.
 24382 | Orc:2    | Found Vaukha's Antique Armour Boutique.
 24496 | Orc:2    | Bought the ring of Lugunuix {rElec rC+ rN+ Dex+3} for 709
                  | gold pieces
 25904 | D:12     | Reached skill level 13 in Spellcasting
 26051 | D:12     | Found a runed translucent gate.
 26051 | D:12     | Found a runed translucent gate.
 26051 | D:12     | Found a runed translucent gate.
 26051 | D:12     | Noticed Sufoyru's ghost (journeyman DjCj)
 26226 | D:13     | Reached XP level 15. HP: 82/82 MP: 27/34
 26296 | D:13     | Noticed Azrael
 26309 | D:13     | Killed Azrael
 26387 | D:13     | Found a transporter.
 26794 | D:13     | Reached skill level 10 in Summonings
 26826 | D:13     | Found a gate to the Vaults.
 26884 | D:13     | Found a transporter.
 26888 | D:13     | Noticed Deit's ghost (journeyman MiBe)
 26889 | D:13     | Found a bloodstained altar of Trog.
 27298 | D:13     | Bought the +3 crown of Dyrovepreva {rElec Int+2 SInv} for
                  | 455 gold pieces
 27298 | D:13     | Found the +3 crown of Dyrovepreva {rElec Int+2 SInv}
 27318 | D:13     | Learned a level 6 spell: Summon Cactus Giant
 27554 | D:14     | Found an iron altar of Okawaru.
 27809 | D:14     | Noticed Agnes
 27820 | D:14     | Killed Agnes
 27869 | D:14     | Reached skill level 14 in Spellcasting
 29040 | D:15     | Entered Level 15 of the Dungeon
 29165 | D:15     | Reached skill level 15 in Spellcasting
 29232 | D:15     | Found Batawn's Antique Weapon Shoppe.
 29536 | D:15     | Found a shimmering altar of Xom.
 29540 | D:15     | Found a shimmering altar of Xom.
 29540 | D:15     | Found a shimmering altar of Xom.
 29544 | D:15     | Found a shimmering altar of Xom.
 29544 | D:15     | Found a shimmering altar of Xom.
 29544 | D:15     | Found a shimmering altar of Xom.
 29859 | D:15     | Reached skill level 16 in Spellcasting
 29966 | D:15     | Found a staircase to the Depths.
 30244 | D:4      | Killed Syrassil's ghost
 30413 | D:5      | Killed Azuregosa's ghost
 30940 | Spider:1 | Entered Level 1 of the Spider Nest
 31150 | Orc:2    | Bought the +3 Elemental Staff {ele, rElec rF+ rC+ AC+3} for
                  | 970 gold pieces
 31150 | Orc:2    | Found the +3 Elemental Staff {ele, rElec rF+ rC+ AC+3}
 31560 | Spider:1 | Reached XP level 16. HP: 92/92 MP: 28/38
 33527 | Spider:2 | Noticed Arachne
 33543 | Spider:2 | Killed Arachne
 34433 | Spider:2 | Noticed Donald
 34454 | Spider:2 | Killed Donald
 35847 | Spider:3 | Reached skill level 15 in Summonings
 36303 | Spider:2 | HP: 4/92 [poisoned by a redback]
 37030 | Orc:1    | Bought a Grand Grimoire for 544 gold pieces
 37038 | Orc:1    | Learned a level 7 spell: Malign Gateway
 37477 | Spider:3 | Found a transporter.
 37491 | Spider:3 | Found a transporter.
 37497 | Spider:3 | Noticed Ge0ff's ghost (adept OpHs)
 37563 | Spider:3 | Identified the +0 scale mail of Divine Compulsion {rPois
                  | Int+2}
 37818 | Spider:4 | Entered Level 4 of the Spider Nest
 38073 | Spider:4 | Reached skill level 1 in Staves
 38158 | Spider:4 | Reached XP level 17. HP: 65/96 MP: 12/39
 39369 | Swamp:1  | Entered Level 1 of the Swamp
 39375 | Swamp:1  | Reached skill level 5 in Staves
 40352 | Swamp:1  | Found a runed translucent gate.
 40352 | Swamp:1  | Found a runed translucent gate.
 40352 | Swamp:1  | Found a runed translucent gate.
 40353 | Swamp:1  | Noticed Buem's ghost (adept OgHs)
 40354 | Swamp:1  | Noticed Foxy's ghost (adept GrFi)
 40470 | Swamp:1  | Reached skill level 5 in Translocations
 40888 | Swamp:2  | Reached skill level 1 in Necromancy
 41924 | Swamp:2  | Identified the amulet "Luv Xaar" {Reflect rCorr SH+5}
 42352 | Swamp:3  | Noticed Jorgrun
 42369 | Swamp:3  | Killed Jorgrun
 42532 | Swamp:3  | Reached skill level 5 in Necromancy
 43753 | Swamp:4  | Entered Level 4 of the Swamp
 43757 | Swamp:4  | Noticed a tentacled monstrosity
 43761 | Swamp:4  | Killed a tentacled monstrosity
 44841 | Swamp:3  | Learned a level 7 spell: Haunt
 44937 | Swamp:1  | Killed Foxy's ghost
 44943 | Swamp:1  | Killed Buem's ghost
 45238 | Orc:1    | Bought a book of the Dragon for 672 gold pieces
 45244 | Orc:1    | Learned a level 5 spell: Fireball
 45826 | Swamp:4  | Noticed the 27-headed Lernaean hydra
 45846 | Swamp:4  | Reached XP level 18. HP: 84/101 MP: 22/40
 45847 | Swamp:4  | Reached skill level 1 in Fire Magic
 45882 | Swamp:4  | Killed the 27-headed Lernaean hydra
 46176 | Swamp:4  | Reached skill level 10 in Translocations
 46449 | Swamp:4  | Reached skill level 17 in Spellcasting
 47017 | Swamp:4  | Got a decaying rune of Zot
 48014 | Spider:4 | Reached skill level 18 in Spellcasting
 48028 | Spider:4 | Reached skill level 5 in Fire Magic
 49200 | Spider:4 | Reached skill level 19 in Spellcasting
 50096 | Spider:4 | Got a gossamer rune of Zot
 50261 | Spider:2 | Bought a pair of blackened boots for 285 gold pieces
 50261 | Spider:2 | Identified the +0 pair of boots of Charred Satisfaction
                  | {rF+} (You bought it in a shop on level 2 of the Spider
                  | Nest)
 50272 | Spider:2 | Bought a pair of glowing gloves for 225 gold pieces
 50470 | Vaults:1 | Entered Level 1 of the Vaults
 50480 | Vaults:1 | Reached skill level 20 in Spellcasting
 51771 | Vaults:1 | Reached skill level 10 in Fire Magic
 53419 | Vaults:1 | Reached XP level 19. HP: 105/105 MP: 38/45
 54002 | Vaults:1 | Upgraded the game from 0.31-a0-960-g0fca184906 to
                  | 0.31-a0-963-ga325b2283a
 55202 | Vaults:2 | Found a staircase to the Crypt.
 55202 | Vaults:2 | Found an ancient bone altar of Kikubaaqudgha.
 55202 | Vaults:2 | Found a basalt altar of Yredelemnul.
 56553 | Vaults:3 | Found the +8 arc blade {discharge, rElec}
 57338 | Vaults:3 | Noticed Xtahua
 57347 | Vaults:3 | Killed Xtahua
 57441 | Vaults:3 | Reached skill level 15 in Fire Magic
 59178 | Vaults:3 | Noticed Margery
 59190 | Vaults:3 | Killed Margery
 59597 | Orc:1    | Bought an Everburning Encyclopedia for 576 gold pieces
 59784 | D:4      | Bought a runed robe for 122 gold pieces
 60032 | Spider:2 | Bought a runed robe for 111 gold pieces
 60039 | Spider:2 | Bought the -2 hat of the Alchemist {rElec rPois rF+ rC+ rN+
                  | Will+ rMut rCorr} for 1510 gold pieces
 60039 | Spider:2 | Found the -2 hat of the Alchemist {rElec rPois rF+ rC+ rN+
                  | Will+ rMut rCorr}
 60363 | Vaults:4 | Noticed Zenata
 60372 | Vaults:4 | Killed Zenata
 60870 | Vaults:4 | Identified the serpent talisman of the Bedazzled God {rElec
                  | rN+ Will++}
 60870 | Vaults:4 | Noticed Aizul
 60878 | Vaults:4 | Killed Aizul
 61874 | Vaults:4 | Reached XP level 20. HP: 111/111 MP: 40/46
 61890 | Vaults:4 | Learned a level 8 spell: Ignition
 62607 | Vaults:3 | Learned a level 8 spell: Summon Horrible Things
 62683 | Vaults:4 | Reached skill level 21 in Spellcasting
 63161 | Vaults:4 | Found the dreamshard necklace {Acrobat *Dream}
 63166 | Vaults:4 | Noticed a dread lich
 63375 | Vaults:4 | Paralysed by a dread lich for 5 turns
 63386 | Vaults:4 | Killed a dread lich
 63460 | Vaults:4 | Identified the +2 robe of the Lute {*Slow rC+ rCorr}
 63888 | Vaults:5 | Identified the of Zimuleat
 63888 | Vaults:5 | Identified the of Ipoyl
 63888 | Vaults:5 | Identified the of Moladef
 63888 | Crypt:3  | Identified the "Arexil"
 63888 | Elf:1    | Identified the "Fakaigaq"
 63888 | Elf:1    | Entered Level 1 of the Elven Halls
 63892 | Elf:1    | Reached skill level 22 in Spellcasting
 64141 | Elf:1    | Paralysed by an air elemental for 1 turns
 64228 | Elf:1    | Reached skill level 5 in Armour
 64580 | Elf:1    | Identified the +0 leather armour of the Invisible Gods
                  | {Dex+2}
 64824 | Elf:1    | Paralysed by an air elemental for 1 turns
 64988 | Elf:1    | Learned a level 4 spell: Anguish
 66025 | Elf:2    | Reached skill level 1 in Hexes
 66258 | Elf:2    | Identified the +0 scale mail of the Poles {Str+4}
 66857 | Elf:2    | Found a runed translucent gate.
 66858 | Elf:2    | Found a runed translucent gate.
 66858 | Elf:2    | Found a runed translucent gate.
 66879 | Elf:2    | Reached skill level 5 in Hexes
 67494 | Elf:2    | Gained mutation: You are somewhat resistant to further
                  | mutation. [potion of mutation]
 67495 | Elf:2    | Lost mutation: You are somewhat resistant to further
                  | mutation. [potion of mutation]
 67495 | Elf:2    | Gained mutation: You are partially covered in iridescent
                  | scales. (AC +2) [potion of mutation]
 67495 | Elf:2    | Gained mutation: Your spells are a little harder to cast,
                  | but a little more powerful. [potion of mutation]
 67495 | Elf:2    | Gained mutation: You are weak. (Str -2) [potion of
                  | mutation]
 67495 | Elf:2    | Gained mutation: Your flesh is heat resistant. (rF+)
                  | [potion of mutation]
 67526 | Elf:2    | Identified the blade talisman of Lethargy {rC+}
 68020 | Elf:2    | Found Xeiseuv's Book Boutique.
 68021 | Elf:2    | Found Kemoin's Jewellery Shoppe.
 68029 | Elf:2    | Found Plog's Book Boutique.
 68039 | Elf:2    | Bought the ring of the Tortoise {AC+8} for 1920 gold pieces
 68039 | Elf:2    | Found the ring of the Tortoise {AC+8}
 68739 | Elf:3    | Identified the "Picamey"
 68739 | Elf:3    | Entered Level 3 of the Elven Halls
 68740 | Elf:3    | Acquired 654 gold pieces
 68760 | Elf:3    | Paralysed by an air elemental for 1 turns
 68788 | Elf:3    | Noticed Roxanne
 68796 | Elf:3    | Killed Roxanne
 69908 | Elf:3    | Reached XP level 21. HP: 115/115 MP: 36/49
 69915 | Elf:3    | Identified the +7 great sword of Turmoil {elec, rElec}
 69930 | Elf:3    | Reached skill level 10 in Shields
 69943 | Elf:3    | Identified the ring "Bistidel" {rElec rPois Will+ rCorr}
 70431 | Elf:3    | Noticed Nikola
 70450 | Elf:3    | Found the ring of the Hare {EV+10}
 70694 | Elf:3    | Identified the +0 falchion of Butchery {venom, rF- rC++
                  | Str+3 Int+2}
 70714 | Elf:3    | Identified the +1 plate armour "Qynon" {rCorr Dex+3 SInv}
 70868 | Elf:3    | Killed Nikola
 70952 | Elf:3    | Identified the +11 orcbow "Wasod" {freeze, rC+}
 70988 | Elf:3    | Identified the +0 ring mail of Tomorrow {rF+ Dex+5}
 70990 | Elf:3    | Identified the +7 shortbow of the Slashing Tiger {freeze,
                  | Str-4 Int+3 Dex+3}
 71022 | Elf:3    | Identified the staff "Pamaekk" {rC+ Dex+3 Ice}
 71023 | Elf:3    | Identified the +5 sling of Dishonour {flame, Fragile rF+
                  | rN+}
 71270 | Elf:3    | Bought a scroll of blinking for 330 gold pieces
 71538 | Slime:1  | Entered Level 1 of the Pits of Slime
 75727 | Slime:5  | Entered Level 5 of the Pits of Slime
 75853 | Slime:5  | Noticed the Royal Jelly
 75859 | Slime:5  | Killed the Royal Jelly
 76165 | Slime:5  | Reached XP level 22. HP: 120/120 MP: 2/50
 76904 | Slime:5  | Got a slimy rune of Zot
 76918 | Slime:5  | Identified the +0 helmet of Salvation {MP+9}
 76933 | Slime:5  | Identified the ring "Lelemag" {rC+ Dex+3 SInv}
 76937 | Slime:5  | Identified the ring of Nahus {rPois rC+ Will- rCorr Str+4}
 77009 | Slime:5  | Identified the +3 leather armour of a Labyrinth {rN+ Str-2
                  | Dex+3}
 77650 | D:12     | Killed Sufoyru's ghost
 78235 | Depths:1 | Entered Level 1 of the Depths
 78242 | Depths:1 | Noticed Asterion
 78252 | Depths:1 | Noticed Mara
 78260 | Depths:1 | Noticed Arzdou's illusion
 78265 | Depths:1 | Killed Asterion
 78266 | Depths:1 | Reached skill level 10 in Conjurations
 78663 | Depths:1 | Reached skill level 23 in Spellcasting
 78672 | Depths:1 | Killed Mara
 78866 | Depths:1 | Identified the +1 leather armour of the Original Sin {rF+
                  | rC+ Regen+ Int+3}
 79880 | Depths:1 | Found a gateway to Hell.
 79910 | Depths:1 | Found Rueh's Armour Emporium.
 80195 | Depths:1 | Noticed Norris
 80200 | Depths:1 | Killed Norris
 80499 | Depths:1 | Found a snail-covered altar of Cheibriados.
 81588 | Depths:2 | Noticed a caustic shrike
 81595 | Depths:2 | Killed a caustic shrike
 81792 | Depths:2 | Identified the ring "Gomish" {Fly Dex+2 SInv}
 82263 | Depths:2 | Found a transporter.
 82272 | Depths:2 | Found a transporter.
 82826 | Depths:2 | Found a one-way gate leading to the halls of Pandemonium.
 82868 | Depths:2 | Found a transporter.
 82893 | Depths:2 | Found a transporter.
 82900 | Depths:2 | Found a transporter.
 82902 | Depths:2 | Found a transporter.
 83215 | Depths:2 | Learned a level 9 spell: Dragon's Call
 83781 | D:4      | Bought an amulet of magic regeneration for 390 gold pieces
 84566 | Depths:2 | Found a one-way gate to the infinite horrors of the Abyss.
 85121 | Depths:3 | Found a one-way gateway to a ziggurat.
 85220 | Depths:3 | Found a blossoming altar of Fedhas.
 85258 | Depths:3 | You are sucked into a shaft and drop 1 floor!
 85258 | Depths:4 | Entered Level 4 of the Depths
 85265 | Depths:4 | Noticed Boris
 85273 | Depths:4 | Killed Boris
 85482 | Depths:4 | Reached skill level 24 in Spellcasting
 85638 | Depths:4 | Reached XP level 23. HP: 124/124 MP: 37/53
 85807 | Depths:4 | Found a gate to the Realm of Zot.
 86313 | Depths:4 | Identified the +1 scale mail of the Monkey's Uncle {+Inv
                  | rC+ Will+ Dex-2}
 86599 | Depths:3 | Found Diser's Antique Weapon Shoppe.
 87051 | Depths:3 | Found a broken altar of Ashenzari.
 87167 | Depths:3 | Reached skill level 25 in Spellcasting
 87270 | Depths:3 | Noticed an ancient lich
 87271 | Depths:3 | Killed an ancient lich
 87318 | Depths:3 | Identified the amulet "Henoel" {Spirit rF+}
 87394 | Hell     | Entered the Vestibule of Hell
 87394 | Hell     | Noticed Geryon
 87402 | Hell     | Killed Geryon
 87480 | Depths:3 | Bought a book of Annihilations for 1140 gold pieces
 87850 | Hell     | Found a gateway to the freezing wastes of Cocytus.
 87860 | Hell     | Reached skill level 26 in Spellcasting
 88090 | Hell     | Found a gateway to the ashen valley of Gehenna.
 88177 | Hell     | Found a gateway to the decaying netherworld of Tartarus.
 88306 | Hell     | Found a gateway to the Iron City of Dis.
 88550 | Zot:1    | Entered Level 1 of the Realm of Zot
 89311 | Zot:1    | Identified the ring of the Good {Ice Int+3}
 89311 | Zot:1    | Noticed Josephina
 89328 | Zot:1    | Killed Josephina
 90132 | Zot:2    | Noticed an orb of fire
 90142 | Zot:2    | Reached XP level 24. HP: 43/130 MP: 0/55
 90269 | Zot:2    | Killed an orb of fire
 90383 | Zot:2    | Reached skill level 27 in Spellcasting
 91306 | Zot:2    | Found a basalt altar of Yredelemnul.
 91958 | Zot:3    | Reached skill level 15 in Conjurations
 93364 | Zot:4    | Reached skill level 10 in Fighting
 94485 | Zot:5    | Entered Level 5 of the Realm of Zot
 94755 | Zot:5    | Reached XP level 25. HP: 143/143 MP: 38/56
 94891 | Zot:5    | Learned a level 4 spell: Passage of Golubria
 95278 | Zot:5    | Noticed an ancient lich
 95294 | Zot:5    | Killed an ancient lich
 95654 | Zot:5    | Noticed a Killer Klown
 95662 | Zot:5    | Killed a Killer Klown
 95755 | Zot:5    | Noticed an ancient lich
 95758 | Zot:5    | Killed an ancient lich
 95781 | Zot:5    | Noticed an orb of fire
 95791 | Zot:5    | Killed an orb of fire
 95793 | Zot:5    | Noticed a Killer Klown
 95800 | Zot:5    | Killed a Killer Klown
 95806 | Zot:5    | Noticed a Killer Klown
 95814 | Zot:5    | Killed a Killer Klown
 96167 | Zot:5    | Noticed an ancient lich
 96167 | Zot:5    | Noticed an ancient lich
 96170 | Zot:5    | Noticed an orb of fire
 96173 | Zot:5    | Killed an ancient lich
 96173 | Zot:5    | Killed an ancient lich
 96174 | Zot:5    | Noticed a dread lich
 96179 | Zot:5    | Noticed a dread lich
 96179 | Zot:5    | Killed an orb of fire
 96180 | Zot:5    | Noticed an orb of fire
 96181 | Zot:5    | Noticed a Killer Klown
 96181 | Zot:5    | Noticed an ancient lich
 96185 | Zot:5    | Noticed an ancient lich
 96186 | Zot:5    | Gained mutation: You have large cloven feet. [an orb of
                  | fire]
 96211 | Zot:5    | Killed an orb of fire
 96342 | Zot:5    | Killed an ancient lich
 96345 | Zot:5    | Killed a Killer Klown
 96414 | Zot:5    | Killed an ancient lich
 96649 | Zot:5    | Killed a dread lich
 96735 | Zot:5    | Killed a dread lich
 96838 | Zot:5    | Noticed an ancient lich
 96851 | Zot:5    | Killed an ancient lich
 96855 | Zot:5    | Noticed an ancient lich
 96861 | Zot:5    | Killed an ancient lich
 97661 | Zot:5    | Bought 2 potions of haste for 300 gold pieces
 97661 | Zot:5    | Bought a potion of curing for 45 gold pieces
 97661 | Zot:5    | Bought a potion of mutation for 120 gold pieces
 97661 | Zot:5    | Bought a potion of curing for 45 gold pieces
 97661 | Zot:5    | Bought a potion of mutation for 120 gold pieces
 97661 | Zot:5    | Bought a potion of curing for 45 gold pieces
 97666 | Zot:5    | Lost mutation: You are weak. (Str -2) [potion of mutation]
 97666 | Zot:5    | Lost mutation: Your flesh is heat resistant. (rF+) [potion
                  | of mutation]
 97666 | Zot:5    | Lost mutation: You have large cloven feet. [potion of
                  | mutation]
 97666 | Zot:5    | Gained mutation: You are resistant to electric shocks.
                  | (rElec) [potion of mutation]
 97666 | Zot:5    | Gained mutation: You are weak. (Str -2) [potion of
                  | mutation]
 97666 | Zot:5    | Gained mutation: You possess an exceptional clarity of
                  | mind. [potion of mutation]
 97667 | Zot:5    | Lost mutation: You are resistant to electric shocks.
                  | (rElec) [potion of mutation]
 97667 | Zot:5    | Lost mutation: You are partially covered in iridescent
                  | scales. (AC +2) [potion of mutation]
 97667 | Zot:5    | Lost mutation: You are weak. (Str -2) [potion of mutation]
 97667 | Zot:5    | Gained mutation: You are somewhat resistant to further
                  | mutation. [potion of mutation]
 97668 | Zot:5    | Lost mutation: You possess an exceptional clarity of mind.
                  | [potion of mutation]
 97668 | Zot:5    | Lost mutation: You are somewhat resistant to further
                  | mutation. [potion of mutation]
 97668 | Zot:5    | Lost mutation: Your spells are a little harder to cast, but
                  | a little more powerful. [potion of mutation]
 97668 | Zot:5    | Gained mutation: You have a pair of small horns on your
                  | head. [potion of mutation]
 97669 | Zot:5    | Lost mutation: You have a pair of small horns on your head.
                  | [potion of mutation]
 97669 | Zot:5    | Gained mutation: You occasionally lose the ability to read
                  | scrolls when taking damage. [potion of mutation]
 97669 | Zot:5    | Gained mutation: You have a pair of small antennae on your
                  | head. [potion of mutation]
 97669 | Zot:5    | Gained mutation: You possess an exceptional clarity of
                  | mind. [potion of mutation]
 97669 | Zot:5    | Gained mutation: You are partially covered in iridescent
                  | scales. (AC +2) [potion of mutation]
 97670 | Zot:5    | Lost mutation: You have a pair of small antennae on your
                  | head. [potion of mutation]
 97670 | Zot:5    | Lost mutation: You are partially covered in iridescent
                  | scales. (AC +2) [potion of mutation]
 97670 | Zot:5    | Lost mutation: You occasionally lose the ability to read
                  | scrolls when taking damage. [potion of mutation]
 97670 | Zot:5    | Gained mutation: Your spells are a little easier to cast,
                  | but a little less powerful. [potion of mutation]
 97670 | Zot:5    | Lost mutation: Your spells are a little easier to cast, but
                  | a little less powerful. [potion of mutation]
 97670 | Zot:5    | Gained mutation: You have large cloven feet. [potion of
                  | mutation]
 97671 | Zot:5    | Lost mutation: You possess an exceptional clarity of mind.
                  | [potion of mutation]
 97671 | Zot:5    | Lost mutation: You have large cloven feet. [potion of
                  | mutation]
 97671 | Zot:5    | Gained mutation: You sometimes lose your temper in combat.
                  | [potion of mutation]
 97671 | Zot:5    | Gained mutation: You have a pair of small horns on your
                  | head. [potion of mutation]
 97671 | Zot:5    | Gained mutation: Your mind is acute. (Int +4, Str/Dex -1)
                  | [potion of mutation]
 97672 | Zot:5    | Lost mutation: You have a pair of small horns on your head.
                  | [potion of mutation]
 97672 | Zot:5    | Lost mutation: You sometimes lose your temper in combat.
                  | [potion of mutation]
 97672 | Zot:5    | Lost mutation: Your mind is acute. (Int +4, Str/Dex -1)
                  | [potion of mutation]
 97672 | Zot:5    | Gained mutation: You have hidden genetic potential. [potion
                  | of mutation]
 97672 | Zot:5    | Gained mutation: You have supernaturally acute eyesight.
                  | (SInv) [potion of mutation]
 98000 | Crypt:1  | Entered Level 1 of the Crypt
 98005 | Crypt:1  | Noticed Mennas
 98006 | Crypt:1  | Noticed Frederick
 98011 | Crypt:1  | Killed Frederick
 98025 | Crypt:1  | Killed Mennas
 98035 | Crypt:1  | Reached XP level 26. HP: 123/156 MP: 3/56
 98237 | Vaults:2 | Learned a level 9 spell: Fire Storm
 99809 | Crypt:2  | Identified the +3 triple sword "Vakhaebait" {elec, rN++}
101003 | Crypt:3  | Entered Level 3 of the Crypt
101081 | Crypt:3  | Noticed Grunn
101089 | Crypt:3  | Killed Grunn
101340 | Crypt:3  | Found a basalt altar of Yredelemnul.
102224 | Crypt:3  | Found a staircase to the Tomb.
102410 | Crypt:3  | Reached skill level 15 in Fighting
102552 | Crypt:3  | Noticed a dread lich
102565 | Crypt:3  | Killed a dread lich
102578 | Crypt:3  | Identified the +2 robe of the Special Xenops {Str+3 Int+2}
102638 | Crypt:3  | Identified the staff "Bain" {rElec rPois rF++ Air}
102785 | Vaults:5 | Entered Level 5 of the Vaults
102793 | Vaults:5 | Noticed a dread lich
102795 | Vaults:5 | Killed a dread lich
102816 | Vaults:5 | Noticed Sojobo
102822 | Vaults:5 | Killed Sojobo
102826 | Vaults:5 | Reached XP level 27. HP: 151/168 MP: 3/56
102840 | Vaults:5 | Noticed an ancient lich
102847 | Vaults:5 | Killed an ancient lich
102956 | Vaults:5 | Identified the +4 scimitar of Gubroami {freeze, rElec rF-
                  | Int+3 SInv}
103212 | Vaults:5 | Noticed an ancient lich
103217 | Vaults:5 | Killed an ancient lich
103245 | Vaults:5 | Identified the +1 quarterstaff of Doom {drain, Fly Str+3}
103371 | Vaults:5 | Identified the +8 arbalest of Calamity {drain, rElec rCorr
                  | Dex+3}
103534 | Vaults:5 | Identified the +0 scale mail of Fera Okk {Will+ Regen+}
103676 | Vaults:5 | Noticed a dread lich
103684 | Vaults:5 | Killed a dread lich
103785 | Vaults:5 | Identified the amulet of Generosity {RegenMP Int+5}
104012 | Vaults:5 | Identified the +2 robe of Weitesobo {Rampage}
104029 | Vaults:5 | Got a silver rune of Zot
104229 | Vaults:5 | Identified the +1 cloak of Yrofal {rElec Will+++ Str-4}
104687 | Depths:3 | Voluntarily entered the Abyss.
104698 | Abyss:1  | Reached skill level 1 in Shapeshifting
105622 | Abyss:4  | Found a corrupted altar of Lugonu.
105665 | Abyss:4  | Got an abyssal rune of Zot
105674 | Depths:3 | Escaped the Abyss
106168 | Spider:3 | Reached skill level 5 in Shapeshifting
106171 | Spider:3 | Killed Ge0ff's ghost
106240 | Spider:3 | Identified the +1 hat of Cotan {Rampage rF- rCorr Dex+4}
106803 | D:5      | Bought a potion of curing for 33 gold pieces
106803 | D:5      | Bought a potion of mutation for 88 gold pieces
106803 | D:5      | Bought a potion of haste for 110 gold pieces
106803 | D:5      | Bought a potion of heal wounds for 55 gold pieces
107106 | Tomb:3   | Identified the "Jowkid"
107106 | Geh:7    | Identified the "Xukupp"
107106 | Geh:7    | Identified the "Eqakiqiq"
107106 | Geh:7    | Identified the "Saprifem"
107106 | Geh:7    | Identified the "Jodim"
107106 | Zig:1    | Entered Level 1 of a ziggurat
107216 | Zig:2    | Entered Level 2 of a ziggurat
107216 | Zig:2    | Found the +8 pair of quick blades "Gyre" and "Gimble"
                  | {protect}
107272 | Zig:3    | Entered Level 3 of a ziggurat
107547 | Zig:4    | Entered Level 4 of a ziggurat
107579 | Zig:4    | Identified the +1 robe "Gyjidd" {Fly rPois rCorr Str-3}
107590 | Zig:5    | Entered Level 5 of a ziggurat
107797 | Zig:6    | Entered Level 6 of a ziggurat
107798 | Zig:6    | Found the +4 skin of Zhor {*Englaciate rC+++ SInv}
107847 | Zig:6    | Identified the +2 great sword "Wood" {elec, rC+}
107856 | Zig:6    | Identified the +1 hat of Elyvilon's Benevolence {rElec
                  | Str+3 Int-2}
107895 | Zig:7    | Entered Level 7 of a ziggurat
108034 | Zig:7    | Found the +9 sword of Zonguldrok {reap}
108066 | Zig:8    | Entered Level 8 of a ziggurat
108153 | Zig:8    | Found the +8 longbow "Zephyr" {speed, Dex+3 SInv}
108210 | Zig:9    | Entered Level 9 of a ziggurat
108217 | Zig:9    | Noticed an ancient lich
108219 | Zig:9    | Reached skill level 10 in Shapeshifting
108220 | Zig:9    | Killed an ancient lich
108294 | Zig:9    | Identified the +0 pair of gloves "Waulyith" {+Inv rElec}
108297 | Zig:10   | Identified the "Xupt"
108297 | Zig:10   | Entered Level 10 of a ziggurat
108416 | Zig:10   | Identified the talisman of death of Wupowuc {Fly rElec rC-
                  | Dex+7}
108426 | Zig:10   | Identified the +6 leather armour of Patience {SInv}
108472 | Zig:11   | Identified the "Vuyn"
108472 | Zig:11   | Entered Level 11 of a ziggurat
108527 | Zig:11   | Found the +27 heavy crossbow "Sniper" {heavy, Acc+∞ SInv}
108547 | Zig:11   | Identified the +5 glaive "Ysaof" {drain, rElec rN+++ Str-3
                  | Dex+2}
108557 | Zig:11   | Identified the +8 rapier "Ugipyid" {antimagic, Int+3}
108561 | Zig:11   | Identified the amulet of Luqe {RegenMP rF+ Will+ Str-2
                  | Dex+3}
108579 | Zig:11   | Identified the +3 troll leather armour of Qousheg {rN+
                  | Regen+ Dex+2}
108616 | Zig:12   | Entered Level 12 of a ziggurat
108750 | Zig:13   | Identified the "Sotadica"
108750 | Zig:13   | Entered Level 13 of a ziggurat
108851 | Zig:13   | Identified the staff of Yfeuntuju {rPois rN+ Stlth+ Poison}
108870 | Zig:13   | Identified the staff of Optimality {Fragile Fly rN+ Int+5
                  | Necro Tloc}
108944 | Zig:14   | Entered Level 14 of a ziggurat
108958 | Zig:14   | Reached skill level 15 in Shapeshifting
109058 | Zig:14   | Identified the +0 demon trident of Doom {flame, rF++ Int-2}
109060 | Zig:14   | Identified the +8 halberd of Accord {drain, Dex+3}
109062 | Zig:14   | Identified the +2 morningstar of Precise Incision {freeze,
                  | Fly Dex+2}
109069 | Zig:14   | Identified the +5 scale mail of the Jackalope {rCorr}
109073 | Zig:14   | Identified the +1 hand axe "Killer Bee's Bane" {flame,
                  | rElec rCorr Str+3 SInv}
109075 | Zig:14   | Identified the +0 arbalest of Objectivity {heavy, Dex+2}
109122 | Zig:15   | Entered Level 15 of a ziggurat
109130 | Zig:15   | Paralysed by an air elemental for 1 turns
109133 | Zig:15   | Paralysed by an air elemental for 1 turns
109281 | Zig:15   | Found the +3 greatsling "Punk" {acid, rCorr}
109299 | Zig:15   | Acquired 1030 gold pieces
109308 | Zig:15   | Identified the amulet of Ewnaow {Faith -Tele rElec rF++
                  | Dex+2}
109357 | Zig:16   | Identified the "Ygizyshiu"
109357 | Zig:16   | Identified the of Asugym
109357 | Zig:16   | Identified the of Plog
109357 | Zig:16   | Entered Level 16 of a ziggurat
109370 | Zig:16   | Noticed a dread lich
109370 | Zig:16   | Noticed a dread lich
109372 | Zig:16   | Killed a dread lich
109372 | Zig:16   | Noticed an ancient lich
109373 | Zig:16   | Killed a dread lich
109376 | Zig:16   | Killed an ancient lich
109377 | Zig:16   | Noticed an ancient lich
109377 | Zig:16   | Noticed a dread lich
109381 | Zig:16   | Killed an ancient lich
109382 | Zig:16   | Killed a dread lich
109520 | Zig:16   | Identified the +9 falchion "Ricwoi" {flame, Will- Int+6
                  | Dex+2}
109526 | Zig:16   | Identified the staff of the Lusting Viper {rPois rF- rN+
                  | Stlth+ Conj}
109577 | Zig:17   | Entered Level 17 of a ziggurat
109668 | Zig:17   | Identified the ring "Umet" {Will- Str+2 Int+4 Dex+6}
109671 | Zig:17   | Identified the amulet of Filekh {RegenMP Fly rPois Regen+}
109689 | Zig:17   | Acquired 894 gold pieces
109705 | Zig:17   | Identified the +7 flail of Purpose {protect, rF+ rC+}
109772 | Zig:18   | Entered Level 18 of a ziggurat
109772 | Zig:18   | Noticed a dread lich
109792 | Zig:18   | Reached skill level 1 in Throwing
109794 | Zig:18   | Noticed Sogutos the pandemonium lord
109804 | Zig:18   | Killed Sogutos the pandemonium lord
109827 | Zig:18   | Reached skill level 5 in Throwing
109892 | Zig:18   | Killed a dread lich
110055 | Zig:18   | Found the +8 Vampire's Tooth {megavamp}
110081 | Zig:18   | Identified the +9 mace "Pynkishe" {freeze, rN+ Int+2
                  | Stlth+}
110129 | Zig:19   | Entered Level 19 of a ziggurat
110174 | Zig:19   | Noticed a dread lich
110174 | Zig:19   | Noticed a dread lich
110175 | Zig:19   | Noticed an ancient lich
110176 | Zig:19   | Killed a dread lich
110181 | Zig:19   | Killed a dread lich
110183 | Zig:19   | Killed an ancient lich
110187 | Zig:19   | Noticed an ancient lich
110196 | Zig:19   | Killed an ancient lich
110420 | Zig:19   | Found the +3 giant club "Skullcrusher" {speed, Str+7}
110464 | Zig:19   | Identified the +2 hand axe "Giant's Toothpick" {pain,
                  | Will+}
110499 | Zig:19   | Identified the staff "Iggeckuq" {Drain Fragile rN+ Int+7
                  | Dex+3 Necro}
110535 | Zig:20   | Identified the "Fupsekk"
110535 | Zig:20   | Entered Level 20 of a ziggurat
110560 | Zig:20   | Reached skill level 10 in Throwing
110746 | Zig:20   | Found the +6 arbalest "Damnation" {damnation}
110785 | Zig:20   | Identified the ring of Wuopniesm {rN+ Int+6 Stlth+}
110812 | Zig:20   | Identified the staff "Heip" {+Blink rPois rF- Stlth+ Fire
                  | Poison}
110813 | Zig:20   | Identified the +4 war axe "Kiorch" {speed, Int+3}
110820 | Zig:20   | Identified the staff "Olydgh" {rF++ rN+ Will+++ Int-4
                  | Necro}
110828 | Zig:21   | Entered Level 21 of a ziggurat
110842 | Zig:21   | Noticed a juggernaut
110845 | Zig:21   | Killed a juggernaut
110845 | Zig:21   | Noticed a juggernaut
110853 | Zig:21   | Killed a juggernaut
110858 | Zig:21   | Noticed a juggernaut
110859 | Zig:21   | Noticed a juggernaut
110872 | Zig:21   | Killed a juggernaut
110874 | Zig:21   | Killed a juggernaut
111090 | Zig:21   | Identified the +10 dagger "Beetleslayer" {drain, *Slow
                  | Will+ MP+9}
111105 | Zig:21   | Identified the +0 quarterstaff of Hoatel {flame, *Corrode
                  | rF++ rN+++}
111106 | Zig:21   | Identified the +9 morningstar "Demonbane" {venom, rElec
                  | Int+2}
111180 | Zig:22   | Entered Level 22 of a ziggurat
111204 | Zig:22   | Noticed Qopir the pandemonium lord
111204 | Zig:22   | Noticed Odywk the pandemonium lord
111204 | Zig:22   | Noticed Ossic Xayr the pandemonium lord
111204 | Zig:22   | Noticed Kicacw the pandemonium lord
111204 | Zig:22   | Noticed Caoqehus the pandemonium lord
111204 | Zig:22   | Found the +7 Spriggan's Knife {stab, EV+4 Stlth+}
111205 | Zig:22   | Killed Qopir the pandemonium lord
111205 | Zig:22   | Noticed Tuotiadi the pandemonium lord
111207 | Zig:22   | Killed Odywk the pandemonium lord
111208 | Zig:22   | Killed Kicacw the pandemonium lord
111208 | Zig:22   | Killed Caoqehus the pandemonium lord
111209 | Zig:22   | Killed Tuotiadi the pandemonium lord
111209 | Zig:22   | Killed Ossic Xayr the pandemonium lord
111209 | Zig:22   | Noticed Roabosm the pandemonium lord
111209 | Zig:22   | Noticed Urekinut the pandemonium lord
111209 | Zig:22   | Noticed Nasorchidi the pandemonium lord
111210 | Zig:22   | Noticed Iluneori the pandemonium lord
111212 | Zig:22   | Killed Urekinut the pandemonium lord
111212 | Zig:22   | Killed Roabosm the pandemonium lord
111213 | Zig:22   | Killed Nasorchidi the pandemonium lord
111213 | Zig:22   | Killed Iluneori the pandemonium lord
111258 | Zig:22   | Noticed Donufuari the pandemonium lord
111305 | Zig:22   | Killed Donufuari the pandemonium lord
111395 | Zig:22   | Found the +6 Majin-Bo {spellvamp, MP+6 Int+6}
111396 | Zig:22   | Found the +12 glaive of Prune {freeze, Prune}
111432 | Zig:22   | Identified the ring "Vonyefaw" {rElec rPois EV+5 Int+2
                  | Stlth+}
111461 | Zig:22   | Identified the +2 robe of the Green God {rC+ Will+ Regen+
                  | Str-4}
111467 | Zig:22   | Identified the +7 orcbow "Tysurgh" {freeze, rPois Will+
                  | Stlth-}
111545 | Zig:23   | Identified the "Zywu"
111545 | Zig:23   | Identified the of Gacijaro
111545 | Zig:23   | Entered Level 23 of a ziggurat
111938 | Zig:23   | Identified the +8 glaive "ETAOIN SHRDLU" {spect, Str+4}
112050 | Zig:24   | Identified the "Wajecs"
112050 | Zig:24   | Identified the "Fobri"
112050 | Zig:24   | Entered Level 24 of a ziggurat
112069 | Zig:24   | Noticed a royal mummy
112071 | Zig:24   | Noticed a royal mummy
112071 | Zig:24   | Noticed a royal mummy
112074 | Zig:24   | Killed a royal mummy
112074 | Zig:24   | Killed a royal mummy
112074 | Zig:24   | Noticed a royal mummy
112075 | Zig:24   | Noticed a royal mummy
112076 | Zig:24   | Killed a royal mummy
112078 | Zig:24   | Killed a royal mummy
112078 | Zig:24   | Noticed a royal mummy
112089 | Zig:24   | Killed a royal mummy
112089 | Zig:24   | Killed a royal mummy
112089 | Zig:24   | Noticed a royal mummy
112090 | Zig:24   | Noticed a royal mummy
112090 | Zig:24   | Killed a royal mummy
112094 | Zig:24   | Killed a royal mummy
112094 | Zig:24   | HP: 6/179 [something (15)]
112095 | Zig:24   | Noticed a royal mummy
112100 | Zig:24   | Noticed a royal mummy
112101 | Zig:24   | Noticed a royal mummy
112103 | Zig:24   | Killed a royal mummy
112103 | Zig:24   | Killed a royal mummy
112104 | Zig:24   | Killed a royal mummy
112104 | Zig:24   | Noticed a royal mummy
112104 | Zig:24   | Noticed a royal mummy
112104 | Zig:24   | Noticed a royal mummy
112106 | Zig:24   | Killed a royal mummy
112106 | Zig:24   | Killed a royal mummy
112106 | Zig:24   | HP: 8/172 [torment (4)]
112107 | Zig:24   | Killed a royal mummy
112107 | Zig:24   | Killed by a royal mummy's death curse

Illustrated notes

Levels and vault maps discovered:
D:1:      psy_arrival_terrarium, layout_rooms, minmay_distorted
D:2:      layout_loops_ring, dreamdust_ecumenical_altar_angels_and_demons
D:3:      layout_basic, nicolae_elyvilon_temple_path,
          mainiacjoe_overflow_concentric_impassable,
          cheibrodos_sewer_entry_drain, roderic_lattice_a
D:4:      layout_basic, serial_shops, shop, shop, shop,
          nicolae_shop_just_a_little_nook, nicolae_shop_gaudy_bauble,
          gammafunk_ghost_gnarly_gnolls, nicolae_alphabet_shops, uniq_grinder
D:5:      layout_loops_ring, nicolae_kikubaaqudgha_miasma_corner,
          minmay_temple_entry_statues_pillars, gammafunk_ghost_necromancy,
          serial_shops, nicolae_shop_advertising_works
          [nicolae_subvault_shop_adworks], minmay_fire_ice_demons,
          uniq_blork_the_orc
D:6:      layout_loops_ring, mainiacjoe_overflow_boulevard, serial_undead,
          serial_undead_b, serial_undead_c, serial_undead_c, serial_undead_a
D:7:      layout_loops_ring, dreamdust_mushroom_princess, nrook_pool_corridor
D:8:      layout_rooms, serial_shops, nicolae_shop_behind_doors,
          nicolae_phantomly_mirrored
D:9:      minmay_spotlight, layout_gridville,
          mainiacjoe_overflow_small_starburst, david_orc_4, serial_shops,
          nicolae_shop_stone, minmay_the_grid_2x2 [minmay_the_grid_expand,
          minmay_the_grid_diamond_grid, minmay_the_grid_zigzag_pyramid,
          minmay_the_grid_prize_trominoes]
D:10:     layout_roguey, zin_academy, general_overflow_altar,
          corexii_hall_statues_t
D:11:     layout_loops_ring, lair_entry_dummy, serial_shops,
          nicolae_shop_getting_attention, grunt_ogre_cave
D:12:     cheibrodos_quadrivalence, layout_loops_ring,
          gammafunk_ghost_nasty_kobolds
D:13:     layout_gridville, grunt_vaults_entry_tiered,
          gammafunk_ghost_wrathful_warriors, uniq_azrael
D:14:     layout_loops_corners, okawaru_metal_pillars_1_2,
          minmay_fractal_squares_5, uniq_agnes
D:15:     grunt_enter_depths_magical_seal, layout_cross, serial_bayou_pond_d,
          serial_shops, nicolae_shop_stone, xom_redecorated
Temple:   nicolae_temple_bog_church
Lair:1:   layout_hall_layers, chequers_serial_rivers_large_a
Lair:2:   layout_regular_city
Lair:3:   layout_long_grid, skrybe_swamp_entry_bodies,
          nicolae_spider_entry_orb_guardian, uniq_rupert
Lair:4:   layout_loops_ring, minmay_slime_entry_oklob_enclosed
Lair:5:   minmay_lair_end_enchanted_forest, layout_regular_city,
          grunt_megastairs_2
Swamp:1:  layout_falls_marsh, gammafunk_ghost_cemetery,
          evilmike_swamp_ruin_house_3, swamp_pool1,
          nicolae_swamp_stuck_in_the_mud
Swamp:2:  layout_basic_swamp, hangedman_swamp_diagram, swamp_pool5,
          nicolae_swamp_snake_nest
Swamp:3:  layout_falls_marsh, hangedman_swamp_pad, infiniplex_staircase_pool_2,
          uniq_jorgrun
Swamp:4:  swamp_old_school, layout_basic_swamp
Spider:1: layout_spider_delve
Spider:2: layout_cave_pods, uniq_donald, uniq_arachne
Spider:3: layout_spider_delve, gammafunk_ghost_berserking_beasts
Spider:4: grunt_spider_rune_circles
Slime:1:  layout_caves, nicolae_slime_getting_an_eyeful
Slime:2:  layout_caves
Slime:3:  layout_caves
Slime:4:  layout_caves
Slime:5:  slime_pit
Orc:1:    layout_caves, serial_shops, shop
Orc:2:    grunt_orc_cross, layout_caves, basic_altar, nicolae_shop_firing_range,
          uniq_erolcha
Elf:1:    layout_gridlike, minmay_elf_crystal_hexagon
Elf:2:    nicolae_elf_blades_splatter_lattice [nicolae_blade_tridents],
          layout_gridlike, minmay_shop_grove
Elf:3:    grunt_elf_hall_branching, layout_loops_ring,
          nicolae_elf_big_sculpture_1, uniq_roxanne, uniq_nikola
Vaults:1: v_alt_pattern_2, nicolae_vaults_angled_halls,
          nicolae_vaults_shipping_containers_5, hangedman_vaults_impose,
          vaults_room_large_hall, ontoclasm_vaults_bender, v_misc_2, v_misc_22,
          nicolae_vaults_double_plus_1, layout_vaults_omnigrid
Vaults:2: minmay_crypt_entry_necro_gods, hangedman_vaults_snaps,
          nicolae_vaults_weapon_check, grunt_vaults_hallway_long,
          nicolae_vaults_what_the_h, nicolae_vaults_steering_wheel,
          ontoclasm_vaults_hangar, nicolae_vaults_trapezoid_3,
          hangedman_vaults_corner_blocks, vaults_room_semicircle,
          nicolae_vaults_little_squares_5, vaults_room_door_ring,
          nicolae_vaults_asterisk, layout_vaults_maze_bifur
Vaults:3: grunt_vaults_hallway_long, v_rooms_6, nicolae_vaults_trapezoid_4,
          hangedman_vaults_nails, nicolae_vaults_storage_room_statues,
          nicolae_vaults_trapezoid_lopsided_2, vaults_dpeg_ring,
          nicolae_vaults_shelves_hall, st_more_cells,
          grunt_vaults_hallway_short, nicolae_vaults_tetromino_L_1,
          layout_vaults_chaotic_city, uniq_margery, uniq_xtahua
Vaults:4: grunt_vaults_trifunnel, nicolae_vaults_storage_room_doors,
          nicolae_vaults_theta, nicolae_vaults_you_can_take_it_with_you,
          nicolae_vaults_closet_pinwheel_4, nicolae_vaults_closet_pinwheel_3,
          nicolae_vaults_more_shelving_1, v_misc_5, nicolae_vaults_alarming,
          nicolae_vaults_double_plus_1, layout_vaults_ring, uniq_zenata,
          uniq_aizul
Vaults:5: serial_shops, uniq_sojobo
Crypt:1:  layout_catacombs, nicolae_letterblocks [nicolae_letter_subblock,
          nicolae_letter_subblock, nicolae_letter_subblock,
          nicolae_letter_subblock, nicolae_letter_subblock,
          nicolae_letter_subblock, nicolae_letter_subblock,
          nicolae_letter_subblock, nicolae_letter_subblock,
          nicolae_letter_subblock, nicolae_letter_subblock,
          nicolae_letter_subblock, nicolae_letter_subblock,
          nicolae_letter_subblock, nicolae_letter_subblock,
          nicolae_letter_subblock, nicolae_letter_subblock,
          nicolae_letter_subblock, nicolae_letter_subblock,
          nicolae_letter_subblock, nicolae_letter_subblock,
          nicolae_letter_subblock, nicolae_letter_subblock,
          nicolae_letter_subblock, nicolae_letter_subblock], uniq_mennas,
          uniq_frederick
Crypt:2:  layout_misc_corridors, lemuel_nasty_fountain
Crypt:3:  david_glass_crypt, layout_basic,
          nicolae_tomb_entry_unfolded_pyramid_diagonal, basic_altar,
          serial_sigils_hangedman_snap, uniq_grunn
Depths:1: layout_basic, serial_shops, nicolae_shop_real_fake_doors, hell_entry,
          serial_sigils_hangedman_clutch, slow_altar_1, uniq_norris,
          uniq_asterion, uniq_mara
Depths:2: minmay_ambush_box, layout_gridlike, pf_hell_entry_tar_river,
          kennysheep_another_room, rand_demon_pan_entry_1,
          abyss_entry_small_statue_room, corexii_corridor_pit,
          serial_nicolae_subway, nicolae_sub_station_stone,
          nicolae_sub_station_metal, nicolae_sub_station_crystal,
          infiniplex_staircase_x, serial_bayou_shore_a
Depths:3: minmay_shrinking_squares, layout_twisted_cross, enter_ziggurat_f,
          fedhas_altar_fruit_tree, minmay_room_of_horrors, hell_entry,
          serial_shops, shop, nicolae_ashenzari_skybound,
          infiniplex_staircase_squiggle, serial_bayou_shore_b
Depths:4: grunt_zot_entry_gee_three, layout_cave_pools, pan_entry,
          hangedman_abyss_entry_splay, pf_hell_entry_great_geh, uniq_boris
Hell
Zot:1:    layout_concentric_octagons, uniq_josephina
Zot:2:    layout_onion, regret_index_zotdec_golden_two_three
Zot:3:    layout_misc_corridors
Zot:4:    layout_gridlike
Zot:5:    layout_onion
Zig:24:   ziggurat_pillar_centre_oklobs, ziggurat_pillar_centre_oklobs,
          ziggurat_pillar_centre_oklobs, ziggurat_pillar_centre_oklobs

Skill      XL: |  1  2  3  4  5  6  7  8  9 10 11 12 13 14 15 16 17 18 19 20 21 22 23 24 25 26 27 |
---------------+----------------------------------------------------------------------------------+-----
Spellcasting   | 4 5 6 7 9 11 13 16 20 22 24 26 27 | 27.0
Ice Magic      | 5 6 7 8 10 11 12 | 12.0
Air Magic      | 3 4 7 8 9 10 11 12 | 12.0
Ranged Weapons | 5 6 9 12 13 | 13.0
Dodging        | 4 5 |  5.0
Fighting       | 2 5 7 10 13 16 20 | 20.5
Evocations     | 6 8 |  8.0
Translocations | 3 9 10 | 10.0
Conjurations   | 6 8 9 10 12 16 19 20 | 20.0
Shields        | 2 6 7 9 10 14 | 14.5
Armour         | 1 4 7 |  7.0
Summonings     | 8 10 16 17 21 23 24 | 24.0
Staves         | 2 5 |  5.0
Necromancy     | 8 |  8.0
Fire Magic     | 11 16 17 18 20 21 | 21.0
Hexes          | 5 |  5.0
Shapeshifting  | 23 | 23.0
Throwing       | 12 | 12.0
Stealth        | |  2.5

Action                     |  1- 3 |  4- 6 |  7- 9 | 10-12 | 13-15 | 16-18 | 19-21 | 22-24 | 25-27 || total
---------------------------+-------+-------+-------+-------+-------+-------+-------+-------+-------++-------
  Melee: Unarmed           |     1 |       |       |       |       |       |       |       |       ||     1
         Dagger            |     5 |       |       |       |       |       |       |       |       ||     5
         Whip              |       |    19 |    49 |       |       |       |       |       |       ||    68
         Punch             |       |       |     1 |       |       |       |       |       |       ||     1
         Staff             |       |       |       |       |     3 |   332 |   169 |    72 |   106 ||   682
         Sling             |       |       |       |       |       |     2 |       |       |       ||     2
   Fire: Sling             |       |    16 |   258 |   526 |   980 |   330 |       |       |       ||  2110
  Throw: Javelin           |       |       |       |       |       |       |       |       |     4 ||     4
   Cast: Freeze            |    49 |    72 |    19 |    25 |       |       |       |       |       ||   165
         Frozen Ramparts   |     1 |     6 |    24 |    24 |    22 |    37 |    14 |     1 |       ||   129
         Ozocubu's Armour  |     1 |     5 |    13 |    19 |    14 |    50 |    11 |     2 |     4 ||   119
         Airstrike         |       |       |       |    13 |    38 |   217 |     4 |       |       ||   272
         Swiftness         |       |       |       |     1 |       |       |       |     1 |       ||     2
         Freezing Cloud    |       |       |       |       |   101 |   211 |    52 |       |       ||   364
         Call Canine Famil |       |       |       |       |    18 |    28 |     2 |       |       ||    48
         Summon Cactus Gia |       |       |       |       |    18 |    27 |     1 |       |       ||    46
         Malign Gateway    |       |       |       |       |       |    22 |   102 |    27 |    27 ||   178
         Haunt             |       |       |       |       |       |    26 |    54 |    46 |    15 ||   141
         Blink             |       |       |       |       |       |     1 |     5 |     2 |     1 ||     9
         Fireball          |       |       |       |       |       |    22 |    52 |    11 |    31 ||   116
         Summon Horrible T |       |       |       |       |       |       |    50 |    61 |    79 ||   190
         Ignition          |       |       |       |       |       |       |    52 |   169 |   211 ||   432
         Anguish           |       |       |       |       |       |       |     8 |     4 |     1 ||    13
         Dragon's Call     |       |       |       |       |       |       |       |    44 |    40 ||    84
         Passage of Golubr |       |       |       |       |       |       |       |       |     9 ||     9
         Fire Storm        |       |       |       |       |       |       |       |       |   110 ||   110
 Invoke: Call Merchant     |       |       |       |       |     3 |     1 |     2 |     2 |     2 ||    10
         Potion Petition   |       |       |       |       |       |       |       |       |    29 ||    29
  Evoke: Phantom mirror    |       |       |       |     1 |     2 |     1 |     1 |     1 |       ||     6
         Wand              |       |       |       |     1 |       |     3 |       |       |     1 ||     5
         Sack of spiders   |       |       |       |       |     2 |     2 |       |       |       ||     4
    Use: Scroll            |       |    11 |     2 |     9 |    19 |     7 |     5 |     6 |     7 ||    66
         Potion            |       |       |       |     1 |     2 |     1 |     5 |     4 |    24 ||    37
   Stab: Distracted        |       |       |     1 |       |       |     2 |     3 |     1 |     3 ||    10
         Sleeping          |       |       |     1 |       |       |       |       |       |       ||     1
         Petrifying        |       |       |       |       |       |       |       |       |     1 ||     1
 Armour: Robe              |    18 |    48 |    92 |       |       |       |   115 |    35 |       ||   308
         Leather armour    |       |       |    36 |    93 |       |       |       |   201 |   247 ||   577
         Troll leather arm |       |       |       |    49 |   164 |   847 |   285 |       |       ||  1345
  Dodge: Dodged            |    28 |    45 |   123 |   137 |   162 |   544 |   164 |    67 |   105 ||  1375
  Block: Buckler           |       |       |       |    31 |   125 |   370 |   144 |    83 |   100 ||   853
         Reflection        |       |       |       |     4 |    28 |    15 |    50 |    25 |    25 ||   147
         Form:             |       |       |       |       |       |       |       |       |     1 ||     1
         Death             |       |       |       |       |       |       |       |       |     1 ||     1

Table legend: (Time is in decaauts)
 A = Elapsed time spent in this place.
 B = Non-inter-level travel time spent in this place.
 C = Inter-level travel time spent in this place.
 D = Time resting spent in this place.
 E = Time spent auto-exploring this place.
 F = Levels seen in this place.
 G = Mean time per level.
                   A        B        C        D        E       F      G
               +--------+--------+--------+--------+--------+-----+--------+
         Total | 112126 |  96839 |  15287 |  22004 |  55618 |  86 | 1303.8 |
       Dungeon |  26291 |  19339 |   6952 |   1902 |  14292 |  15 | 1752.7 |
        Temple |     76 |      2 |     74 |      0 |      0 |   1 |   76.0 |
          Lair |   8457 |   6570 |   1887 |    318 |   5090 |   5 | 1691.4 |
         Swamp |   7484 |   7204 |    280 |   1829 |   4074 |   4 | 1871.0 |
   Spider Nest |  11125 |   9686 |   1439 |   1634 |   6145 |   4 | 2781.2 |
    Slime Pits |   5830 |   5616 |    214 |   1679 |   3100 |   5 | 1166.0 |
  Orcish Mines |   2536 |   1750 |    786 |    100 |   1233 |   2 | 1268.0 |
   Elven Halls |   7145 |   6518 |    627 |   2000 |   3091 |   3 | 2381.7 |
        Vaults |  14543 |  13482 |   1061 |   5511 |   5394 |   5 | 2908.6 |
         Crypt |   4525 |   4259 |    266 |    941 |   2414 |   3 | 1508.3 |
        Depths |   7726 |   6887 |    839 |   2045 |   3496 |   4 | 1931.5 |
          Hell |    844 |    828 |     16 |     83 |    567 |   1 |  844.0 |
           Zot |   9211 |   8369 |    842 |   2548 |   3977 |   5 | 1842.2 |
         Abyss |    988 |    988 |      0 |    259 |    265 |   4 |  247.0 |
      Ziggurat |   4841 |   4841 |      0 |   1153 |   2104 |  24 |  201.7 |
         Sewer |    498 |    498 |      0 |      0 |    373 |   1 |  498.0 |
               +--------+--------+--------+--------+--------+-----+--------+

Top non-repeatable levels by time:
Spider:4: 4361 daAuts
     D:9: 3940 daAuts
Vaults:1: 3805 daAuts
Vaults:3: 3348 daAuts
Spider:2: 3229 daAuts
   Zot:5: 3193 daAuts
    D:11: 3106 daAuts
Vaults:4: 3064 daAuts
Vaults:2: 2821 daAuts
Depths:2: 2561 daAuts
   Elf:3: 2548 daAuts
   Elf:2: 2530 daAuts
  Lair:5: 2472 daAuts
Depths:1: 2255 daAuts
 Swamp:4: 2139 daAuts
